 Dungeon Crawl Stone Soup version 0.31-a0-845-g9abc20d24f (webtiles) character file.

Game seed: 13041865901897262834

364220 scionoferis the Apostle (level 22, -5/197 (209) HPs)
             Began as a Hill Orc Monk on Oct 1, 2023.
             Was a High Priest of Beogh.
             Killed from afar by a yellow draconian annihilator (48 damage)
             ... with a poison arrow
             ... on level 4 of the Depths on Oct 2, 2023.
             The game lasted 06:23:41 (79279 turns).

scionoferis the Apostle (Hill Orc Monk)            Turns: 79279, Time: 06:23:42

HP:   -5/197 (209)  AC: 26    Str: 24    XL:     22   Next: 51%
MP:   34/38         EV:  9    Int: 10    God:    Beogh [*****.]
Gold: 2020          SH: 18    Dex: 10    Spells: 21/21 levels left

rFire   + + +        b - +5 war axe "Doank" {vamp, rF+ Dex+2 Stlth-}
rCold   + . .        P - +0 kite shield {rC+ rF+}
rNeg    . . .        o - +3 plate armour of Theory {+Inv rF+++ Str-4 Stlth-}
rPois   .            Z - +2 helmet
rElec   +            z - scarf {rC+ rF+}
rCorr   .            B - +2 pair of gloves
SInv    +            I - +2 pair of boots
Will    +++..        G - amulet of reflection Stlth
                     f - ring "Zilamu Ropeh" {Fire Will++ Dex-5 SInv}
HPRegen 0.52/turn    e - ring "Quuriko" {rElec AC+4 Str+3 Stlth+}
MPRegen 0.26/turn

%: reflection
@: lethally poisoned (-5 -> -31), corroded, studying 2 skills, recalling,
drained
A: walk on water
}: 2/15 runes: decaying, serpentine
a: Renounce Religion, Evoke Invisibility, Smiting, Stop Recall, Give Item to
Named Follower


You were on level 4 of the Depths.
You worshipped Beogh.
Beogh was extremely pleased with you.
You visited 8 branches of the dungeon, and saw 41 of its levels.
You also visited: Gauntlet, Volcano and Wizlab.

You collected 5010 gold pieces.
You spent 2990 gold pieces at shops.


   Skills:
 - Level 20.0 Fighting
 - Level 18.0 Axes
 - Level 15.0 Armour
 - Level 8.0 Dodging
 - Level 18.0 Shields
 - Level 24.0 Invocations
 - Level 15.0 Evocations
 * Level 8.4 Shapeshifting


You had 21 spell levels left.
You didn't know any spells.
Your spell library contained the following spells:

 Spells                   Type           Power      Damage    Failure   Level
 Apportation              Tloc           0%         N/A       99%         1
 Freeze                   Ice            0%         1d3       99%         1
 Kiss of Death            Conj/Necr      0%         2d5       99%         1
 Magic Dart               Conj           0%         1d3       99%         1
 Necrotise                Necr           0%         1d4       99%         1
 Slow                     Hex            0%         N/A       99%         1
 Blink                    Tloc           0%         N/A       99%         2
 Cigotuvi's Dreadful Rot  Necr/Pois/Air  0%         N/A       99%         2
 Ensorcelled Hibernation  Hex/Ice        0%         N/A       99%         2
 Jinxbite                 Hex            0%         N/A       99%         2
 Momentum Strike          Conj/Tloc      0%         3d8       99%         2
 Poisonous Vapours        Pois/Air       0%         N/A       99%         2
 Scorch                   Fire           0%         2d5       99%         2
 Searing Ray              Conj           0%         2d4       99%         2
 Static Discharge         Conj/Air       0%         2-2/arc   99%         2
 Call Canine Familiar     Summ           0%         N/A       100%        3
 Confusing Touch          Hex            0%         N/A       100%        3
 Dazzling Flash           Conj/Hex       0%         N/A       100%        3
 Frozen Ramparts          Ice            0%         1d1       100%        3
 Hailstorm                Conj/Ice       0%         3d3       100%        3
 Ignite Poison            Fire/Tmut/Pois 0%         N/A       100%        3
 Inner Flame              Hex/Fire       0%         N/A       100%        3
 Mephitic Cloud           Conj/Pois/Air  0%         N/A       100%        3
 Sigil of Binding         Hex            0%         N/A       100%        3
 Stone Arrow              Conj/Erth      0%         3d7       100%        3
 Tukima's Dance           Hex            0%         N/A       100%        3
 Vampiric Draining        Necr           0%         2d6       100%        3
 Volatile Blastmotes      Fire/Tloc      0%         2d10      100%        3
 Airstrike                Air            0%         2d(0-16)  100%        4
 Anguish                  Hex/Necr       0%         N/A       100%        4
 Animate Armour           Summ/Erth      0%         N/A       100%        4
 Animate Dead             Necr           0%         N/A       100%        4
 Dimensional Bullseye     Hex/Tloc       0%         N/A       100%        4
 Dispel Undead            Necr           0%         3d6       100%        4
 Flame Wave               Conj/Fire      0%         2d4       100%        4
 Fulminant Prism          Conj/Hex       0%         3d5       100%        4
 Iskenderun's Mystic Bla  Conj/Tloc      0%         2d3       100%        4
 Leda's Liquefaction      Hex/Erth       0%         N/A       100%        4
 Manifold Assault         Tloc           0%         N/A       100%        4
 Passage of Golubria      Tloc           0%         N/A       100%        4
 Sticky Flame             Conj/Fire      0%         2d3       100%        4
 Summon Ice Beast         Ice/Summ       0%         N/A       100%        4
 Summon Lightning Spire   Summ/Air       0%         N/A       100%        4
 Agony                    Necr           0%         N/A       100%        5
 Alistair's Intoxication  Tmut/Pois      0%         N/A       100%        5
 Arcjolt                  Conj/Air       0%         1d10      100%        5
 Freezing Cloud           Conj/Ice/Air   0%         6-21      100%        5
 Iskenderun's Battlesphe  Conj           0%         2d6       100%        5
 Silence                  Hex/Air        0%         N/A       100%        5
 Summon Forest            Summ/Tloc      0%         N/A       100%        5
 Summon Mana Viper        Hex/Summ       0%         N/A       100%        5
 Yara's Violent Unravell  Hex/Tmut       0%         3d3       100%        5
 Bombard                  Conj/Erth      0%         9d1       100%        6
 Conjure Ball Lightning   Conj/Air       0%         3x3d6     100%        6
 Death Channel            Necr           0%         N/A       100%        6
 Dispersal                Tloc           0%         N/A       100%        6
 Eringya's Noxious Bog    Tmut/Pois      0%         4d6       100%        6
 Simulacrum               Ice/Necr       0%         N/A       100%        6
 Starburst                Conj/Fire      0%         6d3       100%        6
 Summon Cactus Giant      Summ           0%         N/A       100%        6
 Haunt                    Necr/Summ      0%         N/A       100%        7
 Monstrous Menagerie      Summ           0%         N/A       100%        7
 Spellforged Servitor     Conj/Summ      0%         N/A       100%        7
 Summon Hydra             Summ           0%         N/A       100%        7
 Borgnjor's Revivificati  Necr           0%         N/A       100%        8
 Discord                  Hex            0%         N/A       100%        8
 Disjunction              Tloc           0%         N/A       100%        8
 Ignition                 Fire           0%         3d3       100%        8
 Infestation              Necr           0%         N/A       100%        8
 Lehudib's Crystal Spear  Conj/Erth      0%         10d2      100%        8
 Maxwell's Capacitive Co  Air            0%         ∞         100%        8
 Chain Lightning          Conj/Air       0%         N/A       100%        9
 Death's Door             Necr           0%         N/A       100%        9
 Fire Storm               Conj/Fire      0%         5d1       100%        9
 Shatter                  Erth           0%         3d5*      100%        9

Inventory:

Hand Weapons
 a - the +6 morningstar "Unuemeqy" {speed, rPois rC++}
   (You took it off a deep elf zephyrmancer on level 3 of the Elven Halls)

   rC++:      It greatly protects you from cold.
   rPois:     It protects you from poison
 b - the +5 war axe "Doank" (weapon) {vamp, rF+ Dex+2 Stlth-}
   (You took it off a deep elf death mage on level 3 of the Elven Halls)

   Dex+2:     It affects your dexterity (+2).
   rF+:       It protects you from fire.
   Stlth-:    It makes you less stealthy.
 H - a +0 antimagic broad axe
   (You took it off a spriggan berserker on level 3 of the Depths)
 N - a +3 heavy broad axe
   (You took it off a tengu reaver on level 4 of the Depths)
Missiles
 k - 42 poisoned darts (quivered)
 Q - 6 curare-tipped darts
Armour
 o - the +3 plate armour of Theory (worn) {+Inv rF+++ Str-4 Stlth-}
   (You found it on level 2 of the Elven Halls)

   Str-4:     It affects your strength (-4).
   rF+++:     It renders you almost immune to fire.
   +Inv:      It lets you turn invisible.
   Stlth-:    It makes you less stealthy.
 t - +0 storm dragon scales
   (You found it on level 2 of the Depths)
 z - a scarf of resistance (worn)
   (You bought it in a shop on level 1 of the Elven Halls)
 B - a +2 pair of gloves (worn)
   (You bought it in a shop on level 1 of the Elven Halls)
 I - a +2 pair of boots (worn)
   (You found it on level 2 of the Elven Halls)
 P - a +0 kite shield of resistance (worn)
   (You took it off a naga warrior on level 1 of the Snake Pit)
 Z - a +2 helmet (worn)
   (You found it on level 5 of the Lair of Beasts)
Jewellery
 e - the ring "Quuriko" (right hand) {rElec AC+4 Str+3 Stlth+}
   (You bought it in a shop on level 1 of the Orcish Mines)

   [ring of protection]

   AC+4:      It affects your AC (+4).
   Str+3:     It affects your strength (+3).
   rElec:     It insulates you from electricity.
   Stlth+:    It makes you more stealthy.
 f - the ring "Zilamu Ropeh" (left hand) {Fire Will++ Dex-5 SInv}
   (You bought it in a shop on level 1 of the Snake Pit)

   [ring of fire]

   Fire:      It enhances your fire magic.
   Dex-5:     It affects your dexterity (-5).
   rF+:       It protects you from fire.
   rC-:       It makes you vulnerable to cold.
   Will++:    It greatly increases your willpower.
   SInv:      It lets you see invisible.
 h - a ring of positive energy
   (You took it off a green draconian on level 1 of the Swamp)
 A - the ring of Duonerph {rF+ rC+ MP+9 Slay+2}
   (You found it in a Gauntlet)

   [ring of protection from fire]

   Slay+2:    It affects your accuracy & damage with ranged weapons and melee
   (+2).
   rF+:       It protects you from fire.
   rC+:       It protects you from cold.
   MP+9:      It affects your magic capacity (+9).
 G - an amulet of reflection (around neck)
   (You found it on level 4 of the Snake Pit)
Talismans
 E - a talisman of death
   (You found it on level 2 of the Swamp)
Wands
 s - a wand of roots (49)
   (You found it on level 3 of the Dungeon)
 v - a wand of polymorph (5)
   (You found it on level 3 of the Depths)
 D - a wand of digging (9)
   (You found it on level 4 of the Vaults)
 J - a wand of quicksilver (9)
   (You took it off Maggie on level 6 of the Dungeon)
 M - a wand of flame (141)
   (You found it on level 5 of the Dungeon)
 R - a wand of mindburst (34)
   (You found it on level 3 of the Lair of Beasts)
 U - a wand of charming (43)
   (You took it off a gnoll on level 9 of the Dungeon)
Scrolls
 j - 5 scrolls of poison
 m - 3 scrolls of fear
 n - 2 scrolls of butterflies
 p - 6 scrolls of blinking
 y - 7 scrolls of revelation
 C - 17 scrolls of teleportation
 S - 6 scrolls of fog
 Y - 7 scrolls of silence
Potions
 c - 4 potions of ambrosia
 d - 3 potions of magic
 g - 7 potions of heal wounds
 i - 4 potions of resistance
 l - a potion of lignification
 q - 11 potions of might
 r - 8 potions of invisibility
 u - a potion of attraction
 x - 7 potions of haste
 F - 9 potions of curing
 O - 5 potions of enlightenment
 V - 7 potions of mutation
 W - 5 potions of berserk rage
 X - a potion of cancellation
Miscellaneous
 w - a phantom mirror
   (You found it in a Gauntlet)
 K - a box of beasts
   (You found it in a Gauntlet)
 L - a phial of floods
   (You found it in a Gauntlet)

Dungeon Overview and Level Annotations

Branches:
Dungeon (15/15)            Temple (0/1) D:7            Lair (5/5) D:9
  Swamp (4/4) Lair:2        Snake (4/4) Lair:3        Slime (0/5) Lair:4
    Orc (2/2) D:12            Elf (3/3) Orc:2        Vaults (4/5) D:13
  Crypt (0/3) Vaults:3     Depths (4/4) D:15        Volcano (visited)
 WizLab (visited)         Gauntlet (visited)
    Zot: Depths:4

Altars:
Ashenzari
Dithmenos
Elyvilon
Gozag
Hepliaklqana
Makhleb
Nemelex Xobeh
Okawaru
Ru
Sif Muna
Vehumet
Wu Jian
Yredelemnul
Zin
The Shining One
Beogh
Jiyva

Shops:
D:2 !   D:7 :   D:12 (   D:14 ??*!   Orc:1 =   Orc:2 (*=[*   Elf:1 *:[:(
Elf:2 [   Elf:3 ?   Snake:1 :=::   Snake:3 *   Vaults:4 [(!   Depths:1 *
Depths:3 :=

Portals:
Hell: Depths:1 Depths:2 Depths:3
Abyss: Depths:1 Depths:3
Pandemonium: Depths:1 Depths:2
Ziggurat: Depths:3
Bazaar: Depths:3

Annotations:
D:15 dig for XP
Elf:2 3 runed translucent doors
Vaults:5 ! DANGER # #.##### ##### #.#...# #...# ....#.# #. ##.#.. #.#...### ####... #..... #.#.....## ..o.. #....# ..#.#.#..#### od)

......
..#[#.......#####q#####. .###.
....######....oo@do.....
#.###.
####)######.############
#..... #
#........##############.#####.
##
#.#######?..............####..
.###.# #.#..#.#.#..######....
.....# #............## #.#..
###### #..#...#...#..# #.#..
#<# #....#...#....# . #.# #.#
#.#.........#.# # #.#


You could see a black draconian, a yellow draconian (ally target), a yellow
draconian annihilator (ally target), the friendly Berold the orc warlord, the
friendly Brunolf the orc warlord (strong), the friendly Harm the orc warlord
(strong), the friendly Bogwik the orc knight and the friendly Wulfoc the orc
knight.


Message History

You bludgeon the spriggan rider!!
The spriggan rider is heavily wounded.
You puncture the spriggan rider!
You kill the spriggan!
Beogh accepts your kill.
The hornet is moderately wounded.
The hornet stings you but does no damage.
You bludgeon the hornet!!
You kill the hornet!
Beogh accepts your kill.
No target in view!
No target in view!
HP restored.
Things that are here:
a +0 spear; a spriggan corpse A deep troll earth mage and a tengu reaver come into view.
The deep troll earth mage shouts!
You hear a shout!
Some rock shatters into small pieces.
You barely miss the tengu reaver.
The tengu reaver points at you and mumbles some strange words.
The bolt of acid hits you!!
You bludgeon the tengu reaver!!
The tengu reaver is moderately wounded.
You hear a shout! x2
The tengu reaver casts a spell at you. The bolt of poison hits you. You resist.
You feel agile.
You feel a sense of dread.
b - the +5 war axe "Doank" (weapon)
{vamp, rF+ Dex+2 Stlth-} The deep troll earth mage bites you but does no damage.
The deep troll earth mage claws you but does no damage.
The deep troll earth mage claws you.
You slash the tengu reaver!
The tengu reaver is heavily wounded.
You hit the deep troll earth mage.
You feel better.
The tengu reaver gestures at you while chanting.
The bolt of negative energy hits you!!
You feel drained.
You barely miss the tengu reaver.
The tengu reaver is heavily wounded.
You hit the deep troll earth mage.
You feel better.
A deep troll comes into view.
The deep troll earth mage bites you but does no damage.
The deep troll earth mage claws you but does no damage.
You block the deep troll earth mage's attack.
You block the tengu reaver's attack.
The tengu reaver pecks you but does no damage.
You block the tengu reaver's attack.
You hit the tengu reaver.
The tengu reaver is heavily wounded.
You slice the deep troll earth mage!!
You feel better.
You block the deep troll earth mage's attack. x3
You hit the tengu reaver.
You feel better.
The tengu reaver is severely wounded.
You hit the deep troll earth mage but do no damage.
The tengu reaver hits you but does no damage.
You block the tengu reaver's attack.
The tengu reaver claws you but does no damage.
The deep troll earth mage bites you.
You block the deep troll earth mage's attack.
The deep troll earth mage claws you but does no damage.
A deep troll comes into view.
You slash the tengu reaver!
You feel better.
The tengu reaver is severely wounded.
You hit the deep troll earth mage but do no damage.
The tengu reaver hits you with a +0 great sword.
You block the tengu reaver's attack. x2
Unknown command.
You hit the tengu reaver.
The tengu reaver is severely wounded.
You hit the deep troll earth mage.
The deep troll earth mage bites you but does no damage.
You block the deep troll earth mage's attack. x2
You miss the tengu reaver.
The tengu reaver is severely wounded.
You hit the deep troll earth mage but do no damage.
The tengu reaver gestures at you while chanting.
The bolt of poison hits you!!
You are poisoned.
A deep troll comes into view.
You block the deep troll earth mage's attack.
The deep troll earth mage claws you!
You block the deep troll earth mage's attack.
A deep troll comes into view.
You barely miss the tengu reaver.
The tengu reaver is severely wounded.
You barely miss the deep troll earth mage.
You feel very sick. You block the tengu reaver's attack.
The tengu reaver pecks you but does no damage.
You block the tengu reaver's attack.
You slice the tengu reaver!!
You feel better.
You kill the tengu reaver!
Beogh accepts your kill.
You slash the deep troll earth mage!
You kill the deep troll earth mage!
Beogh accepts your kill.
The troll leather armour is intact enough to wear.
You feel very sick.
You feel very sick.
You feel very sick.
The deep troll attacks as it pursues you!
The deep troll closely misses you. You block the deep troll's attack. x2
You feel sick.
The deep troll attacks as it pursues you!
You block the deep troll's attack. x2; The deep troll claws you.
A deep troll shaman comes into view.
You feel sick.
The deep troll shaman shouts!
The deep troll shaman calls upon its god to strengthen the deep troll.
The deep troll seems to grow stronger.
You feel sick.
You feel sick.
The deep troll attacks as it pursues you!
You block the deep troll's attack. The deep troll claws you. x2
You hit the deep troll but do no damage.
You feel sick. You block the deep troll's attack. x2
The deep troll barely misses you.
You slice the deep troll!!
The deep troll is moderately wounded.
You block the deep troll's attack.
The deep troll claws you but does no damage. x2
You hit the deep troll but do no damage.
The deep troll is moderately wounded.
You feel sick.
The deep troll bites you but does no damage.
The deep troll claws you but does no damage.
You block the deep troll's attack.
You slash the deep troll!
You feel better.
The deep troll is heavily wounded.
You feel sick.
You slash the deep troll!
The deep troll is severely wounded.
You feel sick.
You are no longer poisoned.
The deep troll bites you! The deep troll claws you!!
You block the deep troll's attack.
You slice the deep troll!!
You feel better.
You kill the deep troll!
Beogh accepts your kill.
The troll leather armour is intact enough to wear.
You slash the deep troll!
You feel better.
The deep troll is moderately wounded.
You slice the deep troll!!
The deep troll is severely wounded.
You block the deep troll's attack.
The deep troll claws you but does no damage.
The deep troll barely misses you.
You hit the deep troll.
You feel better.
The deep troll is almost dead.
The deep troll bites you.
The deep troll claws you but does no damage.
The deep troll closely misses you.
You slash the deep troll!
You feel better.
You kill the deep troll!
Beogh accepts your kill.
The troll leather armour is intact enough to wear.
You swing at nothing.
You swing at nothing.
You barely miss the deep troll shaman.
You block the deep troll shaman's attack. x2
The deep troll shaman claws you but does no damage.
You slice the deep troll shaman!!
The deep troll shaman is moderately wounded.
The deep troll shaman bites you!
You block the deep troll shaman's attack.
The deep troll shaman claws you.
You slash the deep troll shaman!
You feel better.
The deep troll shaman is heavily wounded.
You slice the deep troll shaman!!
You feel better.
The deep troll shaman is almost dead.
The deep troll shaman calls upon its god to strengthen the deep troll.
The deep troll seems to grow stronger.
You slash the deep troll shaman!
You feel better.
You kill the deep troll shaman!
Beogh accepts your kill.
Beogh appreciates your killing of a heretic priest.
You can now revive fallen orcs.
The troll leather armour is intact enough to wear.
You closely miss the deep troll. You slash the deep troll!
You feel better.
The deep troll is moderately wounded.
You block the deep troll's attack.
The deep troll claws you but does no damage.
You block the deep troll's attack.
You barely miss the deep troll.
The deep troll is moderately wounded.
You block the deep troll's attack. The deep troll barely misses you.
You block the deep troll's attack.
You hit the deep troll.
The deep troll is moderately wounded.
The deep troll barely misses you. x2; The deep troll claws you.
You slash the deep troll!
You feel better.
The deep troll is heavily wounded.
The deep troll barely misses you.
The deep troll claws you but does no damage. x2
You hit the deep troll.
You feel better.
The deep troll is heavily wounded.
You barely miss the deep troll.
The deep troll is heavily wounded.
You block the deep troll's attack. The deep troll barely misses you. x2
You slice the deep troll!!
You feel better.
You kill the deep troll!
Beogh accepts your kill.
You slash the deep troll!
You feel better.
The deep troll is lightly wounded.
You block the deep troll's attack. x3
You slash the deep troll!
You feel better.
The deep troll is moderately wounded.
You block the deep troll's attack. The deep troll claws you.
The deep troll claws you but does no damage.
You hit the deep troll.
You feel better.
The deep troll is moderately wounded.
You barely miss the deep troll.
The deep troll is moderately wounded.
The deep troll bites you. You block the deep troll's attack. x2
You slice the deep troll!!
The deep troll is severely wounded.
The deep troll barely misses you. You block the deep troll's attack. x2
You hit the deep troll but do no damage.
The deep troll is severely wounded.
The deep troll bites you!
The deep troll claws you but does no damage.
You block the deep troll's attack.
You slash the deep troll!
You feel better.
The deep troll is almost dead.
You slash the deep troll!
You feel better.
You kill the deep troll!
Beogh accepts your kill.
The troll leather armour is intact enough to wear.
You swing at nothing.
You start resting.
A deep troll comes into view.
You hit the deep troll.
You feel better.
The deep troll is lightly wounded.
You barely miss the deep troll.
The deep troll is lightly wounded.
The deep troll bites you but does no damage.
You block the deep troll's attack. x2
You barely miss the deep troll.
The deep troll is lightly wounded.
The deep troll closely misses you. You block the deep troll's attack. x2
You slice the deep troll!!
The deep troll is moderately wounded.
You block the deep troll's attack.
The deep troll claws you but does no damage.
The deep troll closely misses you.
You closely miss the deep troll.
The deep troll is moderately wounded.
You slash the deep troll!
You feel better.
The deep troll is heavily wounded.
The deep troll barely misses you. You block the deep troll's attack. x2
You hit the deep troll but do no damage.
The deep troll is heavily wounded.
You block the deep troll's attack. The deep troll closely misses you.
You block the deep troll's attack.
You hit the deep troll but do no damage.
The deep troll is heavily wounded.
The deep troll bites you but does no damage.
You block the deep troll's attack.
The deep troll claws you but does no damage.
You slash the deep troll!
You feel better.
The deep troll is almost dead.
You slice the deep troll!!
You kill the deep troll!
Beogh accepts your kill.
No target in view!
You feel the dreadful sensation subside.
Your hands tingle!
a - the +6 morningstar "Unuemeqy" (weapon)
{speed, rPois rC++}
Items here: [[[[ ††††.
A tengu reaver comes into view.
It is wielding a +3 heavy broad axe and wearing a +2 buckler of protection.
The tengu reaver shouts!
You hear a shout!
The tengu reaver points at you and mumbles some strange words.
The bolt of cold misses you. The tengu reaver closely misses you.
You block the tengu reaver's attack.
The tengu reaver claws you but does no damage.
The tengu reaver blocks your attack. The tengu reaver blocks your attack.
The tengu reaver blocks your attack. You block the tengu reaver's attack. x2
The tengu reaver claws you but does no damage.
A deep troll comes into view.
You hit the tengu reaver.
The tengu reaver is lightly wounded.
You miss the tengu reaver.
The tengu reaver is lightly wounded.
The tengu reaver gestures at you while chanting.
The bolt of negative energy hits you!!!
You feel drained. The tengu reaver blocks your attack.
The tengu reaver is lightly wounded.
The tengu reaver hits you but does no damage.
The tengu reaver pecks you but does no damage.
You block the tengu reaver's attack.
You puncture the tengu reaver!
The tengu reaver is lightly wounded.
You hit the tengu reaver.
The tengu reaver is lightly wounded.
You block the tengu reaver's attack.
The tengu reaver pecks you but does no damage.
The tengu reaver claws you. The tengu reaver blocks your attack.
The tengu reaver is lightly wounded.
You puncture the tengu reaver!
The tengu reaver is moderately wounded.
The tengu reaver gestures at you while chanting.
The bolt of acid hits you!! The tengu reaver blocks your attack.
The tengu reaver is moderately wounded.
You barely miss the tengu reaver.
The tengu reaver is moderately wounded.
The tengu reaver points at you and mumbles some strange words.
The bolt of negative energy hits you!!
You feel drained.
You completely miss the tengu reaver.
The tengu reaver is moderately wounded.
The tengu reaver hits you but does no damage.
The tengu reaver barely misses you. The tengu reaver closely misses you.
The tengu reaver blocks your attack.
The tengu reaver is moderately wounded.
Aiming: Smiting
Press: ? - help, Dir - move target, f - tengu reaver Smite: a tengu reaver, wielding a +3 heavy broad axe, wearing a +0 ring mail and wearing a +2 buckler of protection (moderately wounded)
You smite the tengu reaver!!!
The tengu reaver is severely wounded.
You can no longer revive fallen orcs.
The tengu reaver casts a spell at you. The bolt of fire hits you! You resist.
You hear a shout!
Aiming: Smiting
Press: ? - help, Dir - move target, f/p - tengu reaver Smite: a tengu reaver, wielding a +3 heavy broad axe, wearing a +0 ring mail and wearing a +2 buckler of protection (severely wounded)
You smite the tengu reaver!!
You kill the tengu reaver!
Beogh accepts your kill.
You bludgeon the deep troll!!
The deep troll is heavily wounded.
You feel agile.
You feel a sense of dread.
b - the +5 war axe "Doank" (weapon)
{vamp, rF+ Dex+2 Stlth-} The deep troll closely misses you.
The deep troll claws you but does no damage. x2
You barely miss the deep troll.
The deep troll is heavily wounded.
You slash the deep troll!
You feel better.
The deep troll is severely wounded.
A deep troll comes into view.
The deep troll bites you but does no damage.
You block the deep troll's attack. x2
You slice the deep troll!!
You kill the deep troll!
Beogh accepts your kill.
A deep troll comes into view.
Items here: ) [[ †.
Okay, then.
You slice the deep troll!!
The deep troll is heavily wounded.
The deep troll bites you but does no damage.
You block the deep troll's attack. The deep troll barely misses you.
You slice the deep troll!!
You feel better.
The deep troll is almost dead.
You hit the deep troll.
You feel better.
The deep troll is almost dead.
The deep troll bites you but does no damage.
The deep troll claws you but does no damage.
The deep troll barely misses you.
You slash the deep troll!
You feel better.
You kill the deep troll!
Beogh accepts your kill.
The troll leather armour is intact enough to wear.
You completely miss the deep troll. You block the deep troll's attack.
The deep troll closely misses you.
The deep troll claws you but does no damage.
You closely miss the deep troll. You slash the deep troll!
You feel better.
The deep troll is lightly wounded.
You block the deep troll's attack. x3
You hit the deep troll.
You feel better.
The deep troll is moderately wounded.
You block the deep troll's attack. x2
The deep troll claws you but does no damage.
You hit the deep troll but do no damage.
The deep troll is moderately wounded.
The deep troll bites you. The deep troll closely misses you.
You block the deep troll's attack.
You closely miss the deep troll.
The deep troll is lightly wounded.
The deep troll bites you but does no damage.
You block the deep troll's attack. x2
You closely miss the deep troll.
The deep troll is lightly wounded.
You hear a shout!
You barely miss the deep troll.
The deep troll is lightly wounded.
You block the deep troll's attack.
The deep troll claws you but does no damage.
You block the deep troll's attack.
A deep troll shaman comes into view.
You slash the deep troll!
You feel better.
The deep troll is moderately wounded.
You hit the deep troll shaman.
You feel better.
The deep troll shaman is lightly wounded.
You closely miss the deep troll.
The deep troll shaman barely misses you.
The deep troll shaman claws you but does no damage.
The deep troll shaman claws you! You block the deep troll's attack.
The deep troll claws you! You block the deep troll's attack.
You slash the deep troll shaman!
You feel better.
The deep troll shaman is moderately wounded.
You closely miss the deep troll. You barely miss the deep troll shaman.
The deep troll shaman is moderately wounded.
You slice the deep troll!!
You feel better.
You block the deep troll shaman's attack. x2
The deep troll shaman claws you but does no damage.
The deep troll bites you but does no damage.
The deep troll claws you but does no damage. x2
You hit the deep troll shaman but do no damage.
The deep troll shaman is lightly wounded.
You slash the deep troll!
You feel better.
The deep troll bites you but does no damage.
You block the deep troll's attack.
The deep troll claws you but does no damage.
The deep troll shaman barely misses you.
You block the deep troll shaman's attack.
The deep troll shaman claws you but does no damage.
You slice the deep troll shaman!!
You feel better.
The deep troll shaman is severely wounded.
You hit the deep troll.
You feel better.
The deep troll shaman barely misses you.
The deep troll shaman claws you but does no damage.
You block the deep troll shaman's attack.
A deep troll comes into view.
You block the deep troll's attack. x2
The deep troll claws you but does no damage.
You hit the deep troll shaman.
The deep troll shaman is severely wounded.
You hit the deep troll.
You feel better.
You slice the deep troll shaman!!
You kill the deep troll shaman!
Beogh accepts your kill.
Beogh appreciates your killing of a heretic priest.
You hit the deep troll.
You feel better. You block the deep troll's attack.
The deep troll claws you but does no damage.
The deep troll claws you!
You hit the deep troll but do no damage.
You slash the deep troll!
You feel better.
You kill the deep troll!
Beogh accepts your kill.
The deep troll bites you but does no damage.
The deep troll claws you but does no damage.
The deep troll closely misses you.
You slash the deep troll!
You feel better.
The deep troll is moderately wounded.
You block the deep troll's attack. x3
You closely miss the deep troll.
The deep troll is moderately wounded.
You slice the deep troll!!
The deep troll is severely wounded.
The deep troll barely misses you. You block the deep troll's attack.
The deep troll claws you but does no damage.
Unknown command.
You barely miss the deep troll.
The deep troll is severely wounded.
The deep troll bites you.
The deep troll claws you but does no damage.
You block the deep troll's attack.
You hit the deep troll.
You feel better.
The deep troll is severely wounded.
You block the deep troll's attack. x3
You slice the deep troll!!
You kill the deep troll!
Beogh accepts your kill. Beogh blesses you with reinforcements.
N - a +3 heavy broad axe
Things that are here:
a +0 troll leather armour; a deep troll corpse; a deep troll corpse You start resting.
A spriggan rider comes into view. It is wielding a +0 spear.
A spriggan defender comes into view.
It is wielding a +2 demon whip of flaming.
The spriggan defender shouts!
You hear a shout!
You feel the dreadful sensation subside.
Your hands tingle!
a - the +6 morningstar "Unuemeqy" (weapon)
{speed, rPois rC++} The spriggan rider hits you from afar with a +0 spear.
A spriggan defender comes into view.
It is wielding a +3 lajatang of electrocution.
You hit the spriggan defender but do no damage.
A spriggan rider comes into view. It is wielding a +0 spear.
You block the spriggan rider's attack.
You barely miss the spriggan defender.
The spriggan rider shouts!
You block the spriggan defender's attack.
The spriggan defender blocks your attack.
You block the spriggan defender's attack.
The spriggan rider barely misses you.
The spriggan defender blocks your attack.
The spriggan defender hits you but does no damage.
You block the spriggan defender's attack.
Aiming: Charm
Press: ? - help, Shift-Dir - straight line, f - spriggan defender
Aim: a spriggan defender, wielding a +2 demon whip of flaming, wearing a +0 robe and wearing a +0 buckler (chance to affect: 1%)
Okay, then.
Unknown command.
Aiming: Quicksilver Bolt
Press: ? - help, Shift-Dir - straight line, f - spriggan rider
Aim: a spriggan rider, wielding a +0 spear (51% to hit)
The bolt of dispelling energy hits the spriggan defender!!!
The spriggan defender is severely wounded.
The bolt of dispelling energy hits the spriggan defender!!
The spriggan defender is heavily wounded.
The bolt of dispelling energy hits the spriggan rider!!
The spriggan rider is moderately wounded.
You block the spriggan defender's attack.
The spriggan rider hits you from afar with a +0 spear!
Unknown command.
Press: ? - help, v - describe, . - travel
Here: a spriggan defender, wielding a +2 demon whip of flaming, wearing a +0 robe and wearing a +0 buckler (severely wounded)
The floor, spattered with blood.
Unknown command.
You miss the spriggan defender.
The spriggan defender is severely wounded.
You block the spriggan defender's attack.
The spriggan defender hits you with a +2 demon whip of flaming!
The spriggan rider hits you but does no damage.
You miss the spriggan defender.
The spriggan defender is severely wounded.
You block the spriggan defender's attack.
Unknown command.
The spriggan defender blocks your attack.
The spriggan defender is severely wounded.
The spriggan rider hits you but does no damage.
You block the spriggan defender's attack.
The spriggan defender blocks your attack.
The spriggan defender is heavily wounded.
The spriggan defender hits you but does no damage.
The spriggan rider barely misses you.
The spriggan defender blocks your attack.
The spriggan defender is heavily wounded.
The spriggan defender hits you with a +2 demon whip of flaming!
The spriggan defender burns you.
You hit the spriggan defender but do no damage.
The spriggan defender is heavily wounded.
You block the spriggan defender's attack.
The spriggan rider hits you from afar with a +0 spear.
The spriggan defender blocks your attack.
The spriggan defender is heavily wounded.
You block the spriggan defender's attack.
The spriggan rider closely misses you.
The spriggan defender hits you but does no damage.
The spriggan defender blocks your attack.
The spriggan defender is heavily wounded.
The spriggan defender hits you but does no damage.
The spriggan rider hits you from afar with a +0 spear!
The spriggan defender blocks your attack.
The spriggan defender is heavily wounded.
You block the spriggan defender's attack.
Aiming: Quicksilver Bolt
Press: ? - help, Shift-Dir - straight line, f/p - spriggan rider
Aim: a spriggan rider, wielding a +0 spear (moderately wounded, 51% to hit)
The bolt of dispelling energy misses the spriggan defender. x2
The bolt of dispelling energy hits the spriggan rider!!
You kill the hornet!
Beogh accepts your kill.
Beogh blesses Wulfoc with ranged armament.
Wulfoc looks more experienced.
The spriggan falls from its now dead mount.
The spriggan is heavily wounded.
The spriggan defender hits you with a +2 demon whip of flaming!!
You block the spriggan rider's attack.
Unknown command.
Aiming: Quicksilver Bolt
Press: ? - help, Shift-Dir - straight line, f/p - spriggan
Aim: a spriggan, wielding a +0 spear (heavily wounded, 51% to hit)
The bolt of dispelling energy misses the spriggan defender. x2
The bolt of dispelling energy hits the spriggan!!
You kill the spriggan!
Beogh accepts your kill.
Wulfoc looks more experienced.
You block the spriggan defender's attack.
The spriggan rider closely misses you.
The spriggan defender hits you with a +2 demon whip of flaming.
Unknown command.
Unknown command.
Aiming: Quicksilver Bolt
Press: ? - help, Shift-Dir - straight line, f - spriggan defender
Aim: a spriggan defender, wielding a +2 demon whip of flaming, wearing a +0 robe and wearing a +0 buckler (heavily wounded, 41% to hit)
The bolt of dispelling energy hits the spriggan defender!!
The spriggan defender is almost dead.
The bolt of dispelling energy hits the spriggan defender!!!
The spriggan defender is almost dead.
You block the spriggan defender's attack.
You block the spriggan rider's attack.
The spriggan defender hits you but does no damage.
Unknown command.
Unknown command.
You closely miss the spriggan defender.
The spriggan defender is almost dead.
The spriggan rider hits you but does no damage.
The spriggan defender hits you but does no damage.
You hit the spriggan defender.
The spriggan defender is almost dead.
The spriggan defender completely misses you.
The spriggan rider hits you but does no damage.
You barely miss the spriggan defender.
The spriggan defender is almost dead.
You block the spriggan defender's attack.
You completely miss the spriggan defender.
The spriggan defender is almost dead.
You block the spriggan rider's attack.
You block the spriggan defender's attack.
You miss the spriggan defender.
The spriggan defender is almost dead.
You block the spriggan defender's attack.
The spriggan rider hits you from afar with a +0 spear!
You completely miss the spriggan defender.
The spriggan defender is almost dead.
You block the spriggan defender's attack.
The spriggan defender blocks your attack.
The spriggan defender is almost dead.
The spriggan defender closely misses you.
You block the spriggan rider's attack.
The spriggan defender hits you but does no damage.
The spriggan defender blocks your attack.
The spriggan defender is almost dead.
The spriggan rider closely misses you.
The spriggan defender hits you but does no damage.
The spriggan defender blocks your attack.
The spriggan defender is almost dead.
The spriggan defender hits you with a +2 demon whip of flaming!!
The spriggan defender burns you. You block the spriggan rider's attack.
You impale the spriggan defender!!
You kill the spriggan defender!
Beogh accepts your kill.
Wulfoc looks more experienced.
Your Shapeshifting skill increases to level 8!
Aiming: Smiting
Press: ? - help, Dir - move target, f - spriggan defender Smite: a spriggan defender, wielding a +3 lajatang of electrocution and wearing a +0 robe (almost dead)
You smite the spriggan defender!!!
You kill the spriggan defender!
Beogh accepts your kill.
Wulfoc looks more experienced.
You block the spriggan rider's attack.
The spriggan rider hits you but does no damage.
Items here: )) [[[.
You barely miss the spriggan rider. The spriggan rider barely misses you.
You puncture the spriggan rider!
The spriggan rider is moderately wounded.
You block the spriggan rider's attack.
You bludgeon the spriggan rider!!
The spriggan rider is severely wounded.
The spriggan rider blocks your attack.
The spriggan rider is severely wounded.
You block the spriggan rider's attack. The spriggan rider blocks your attack.
The spriggan rider is severely wounded.
You block the spriggan rider's attack.
You closely miss the spriggan rider.
The spriggan rider is severely wounded.
You block the spriggan rider's attack. You block the spriggan rider's attack.
You hit the spriggan rider.
The spriggan rider is severely wounded.
You miss the spriggan rider.
The spriggan rider is severely wounded.
Wulfoc unwields a +0 orcbow.
Wulfoc hits the spriggan rider.
The spriggan dies!
Beogh accepts your kill.
Wulfoc looks more experienced.
You impale the hornet!!
The hornet is almost dead.
Wulfoc closely misses the hornet.
The hornet stings you.
You impale the hornet!!
You kill the hornet!
Beogh accepts your kill.
You now have 2020 gold pieces (gained 30).
Items here: ) [ ††.
You see here a +0 spear.
You swap places.
Press: ? - help, v - describe, . - travel, g - get item
Here: Wulfoc the orc knight, carrying a +0 orcbow (friendly) Item here: a +0 spear.
The floor, spattered with blood.
Items here: )) [[[.
Okay, then.
You see here a +1 dagger of venom.
You swap places.
Items here: )) [[[.
Items here: ) [ ††.
There is a stone staircase leading up here.
You climb upwards.
There is a stone staircase leading down here.
You start resting.
Wulfoc yells, "Smite the apostates!"
HP restored.
What are your orders? t - Shout!
Orders for allies: a - Attack new target. r - Retreat! s - Stop attacking. g - Guard the area. f - Follow me.
Anything else - Cancel.
Follow me!
You climb downwards.
There is a stone staircase leading up here.
Search for what [Enter for "depths", or ? for help]?
Okay, then.
A spriggan berserker comes into view. It is wielding a +0 war axe.
You miss the spriggan berserker.
The spriggan berserker utters an invocation to Trog.
The elephant goes berserk!
You puncture the spriggan berserker!
The spriggan berserker is moderately wounded.
You block the spriggan berserker's attack.
You hit the spriggan berserker.
The spriggan berserker is heavily wounded.
You block the spriggan berserker's attack.
You barely miss the spriggan berserker.
The spriggan berserker is heavily wounded.
You impale the spriggan berserker!!
The spriggan berserker is almost dead.
The spriggan berserker prays to Trog.
The spriggan berserker goes berserk!
You closely miss the spriggan berserker.
The spriggan berserker is almost dead.
The spriggan berserker hits you with a +0 war axe!
You miss the spriggan berserker.
The spriggan berserker is almost dead.
The spriggan berserker hits you with a +0 war axe!
The elephant rages.
You block the spriggan berserker's attack.
You impale the spriggan berserker!!
You kill the spriggan berserker!
Beogh accepts your kill.
Beogh appreciates your killing of a heretic priest.
The elephant is no longer berserk.
The elephant disappears in a puff of smoke!
Things that are here:
a +0 war axe; a +0 animal skin; a spriggan corpse You start resting.
HP restored.
Found a radiant altar of Vehumet.
Found a scroll of identify.
You swap places.
Found a stone staircase leading up.
Found a scroll of blinking.
A frost giant comes into view.
It is wielding a +3 battleaxe of freezing.
You see here a scroll of blinking.
p - 6 scrolls of blinking (gained 1)
The frost giant points at you and mumbles some strange words.
The bolt of cold misses you.
You hear a deafening roar!
Wulfoc wields a +0 orcbow.
Wulfoc shoots an arrow.
The arrow hits the frost giant!
You sock the frost giant!
The frost giant is lightly wounded.
Wulfoc shoots an arrow.
The arrow hits the frost giant!
The frost giant barely misses you.
You puncture the frost giant!
The frost giant is heavily wounded.
Wulfoc shoots an arrow.
The arrow hits the frost giant but does no damage.
You impale the frost giant!!
The frost giant is severely wounded.
A glowing orange brain comes into view.
The frost giant hits you with a +3 battleaxe of freezing!
The frost giant freezes you.
You barely miss the frost giant.
The frost giant is severely wounded.
Wulfoc shoots an arrow.
The arrow hits the frost giant!
The glowing orange brain blinks!
The frost giant casts a spell at you. The bolt of cold hits you! You resist.
You puncture the frost giant!
The frost giant is almost dead.
You completely miss the frost giant.
The frost giant is almost dead.
The frost giant hits you but does no damage.
You hit the frost giant.
The frost giant is almost dead.
Wulfoc shoots an arrow.
The arrow hits the frost giant!
The frost giant points at you and mumbles some strange words.
The bolt of cold hits you! You resist.
You hear a deafening roar!
You hit the frost giant but do no damage.
The frost giant is almost dead.
You hear a roar!
Wulfoc shoots an arrow.
The arrow hits the frost giant.
The frost giant dies!
Beogh accepts your kill.
Wulfoc looks more experienced.
You hear a deafening roar!
An ice dragon comes into view.
The ice dragon roars deafeningly!
The ice dragon breathes frost at you. The blast of cold misses you.
The blast of cold hits Wulfoc!!
You see here a +3 battleaxe of freezing.
The ice dragon breathes frost at you. The blast of cold misses you.
You barely miss the glowing orange brain.
Unknown command.
You impale the glowing orange brain!!
The glowing orange brain is heavily wounded.
You feel agile.
You feel a sense of dread.
b - the +5 war axe "Doank" (weapon)
{vamp, rF+ Dex+2 Stlth-} The ice dragon bites you but does no damage.
You block the ice dragon's attack.
The ice dragon tramples you but does no damage.
You slash the glowing orange brain!
The glowing orange brain is heavily wounded.
You slash the ice dragon!
You feel better.
You barely miss the glowing orange brain.
The glowing orange brain is heavily wounded.
You hit the ice dragon but do no damage.
The ice dragon bites you but does no damage.
The ice dragon claws you but does no damage.
You block the ice dragon's attack.
Unknown command.
You hit the glowing orange brain.
You feel better.
The glowing orange brain is severely wounded.
You slash the ice dragon!
You feel better.
The ice dragon bites you but does no damage.
The ice dragon claws you but does no damage.
You block the ice dragon's attack.
You hit the glowing orange brain.
The glowing orange brain is severely wounded.
You slash the ice dragon!
You feel better.
Unknown command.
You barely miss the glowing orange brain.
The glowing orange brain is severely wounded.
You hit the ice dragon but do no damage.
You block the ice dragon's attack.
The ice dragon claws you but does no damage.
You block the ice dragon's attack.
The glowing orange brain blinks!
You slice the ice dragon!!
The ice dragon is severely wounded.
You block the ice dragon's attack. The ice dragon claws you!
You block the ice dragon's attack.
You hit the ice dragon.
You feel better.
The ice dragon is severely wounded.
You block the ice dragon's attack. x3
The glowing orange brain pulsates.
Something tries to feed on your intellect!
Wulfoc shoots an arrow.
The arrow hits the ice dragon!
The ice dragon barely misses you. You block the ice dragon's attack. x2
You slice the glowing orange brain!!
You feel better.
You kill the glowing orange brain!
Beogh accepts your kill.
Beogh blesses Wulfoc with healing.
Wulfoc looks more experienced.
You slash the ice dragon! You barely miss the ice dragon.
The ice dragon is almost dead.
Wulfoc shoots an arrow.
The arrow hits the ice dragon.
The ice dragon breathes frost at you. The blast of cold hits you! You resist.
You barely miss the ice dragon.
The ice dragon is almost dead.
Wulfoc shoots an arrow.
The arrow hits the ice dragon.
The ice dragon dies!
Beogh accepts your kill.
The ice dragon scales are intact enough to wear.
Things that are here:
+0 ice dragon scales; an ice dragon corpse You feel the dreadful sensation subside.
Your hands tingle!
a - the +6 morningstar "Unuemeqy" (weapon)
{speed, rPois rC++} You start resting.
HP restored.
A yellow draconian comes into view. It is wielding a +0 dire flail.
The yellow draconian roars!
You hear two shouts!
You hear a roar!
A hell knight comes into view.
It is wielding a +2 war axe of distortion.
The hell knight shouts!
You closely miss the yellow draconian.
You block the yellow draconian's attack.
You barely miss the yellow draconian.
A yellow draconian annihilator comes into view.
It is wielding a +0 rapier.
You block the yellow draconian's attack.
Press: ? - help, v - describe, . - travel
Here: a hell knight, wielding a +2 war axe of distortion and wearing a +0 plate armour The floor.
Unknown command.
Aiming: Smiting
Press: ? - help, Dir - move target, f - hell knight Smite: a hell knight, wielding a +2 war axe of distortion and wearing a +0 plate armour You smite the hell knight!!
The hell knight is heavily wounded.
The yellow draconian annihilator roars!
You block the yellow draconian's attack.
Aiming: Smiting
Press: ? - help, Dir - move target, f/p - hell knight Smite: a hell knight, wielding a +2 war axe of distortion and wearing a +0 plate armour (heavily wounded)
You smite the hell knight!!!
You kill the hell knight!
Beogh accepts your kill.
Beogh appreciates your killing of a heretic priest.
You block the yellow draconian's attack.
You hit the yellow draconian.
The yellow draconian is lightly wounded.
You hit the yellow draconian.
The yellow draconian is lightly wounded.
The yellow draconian hits you but does no damage.
You completely miss the yellow draconian.
The yellow draconian is lightly wounded.
You block the yellow draconian's attack.
You hit the yellow draconian but do no damage.
The yellow draconian is lightly wounded.
The yellow draconian spits acid at you.
The glob of acid hits you but does no damage.
The acid corrodes you!
You closely miss the yellow draconian.
The yellow draconian is lightly wounded.
You puncture the yellow draconian!
The yellow draconian is lightly wounded.
The yellow draconian annihilator casts a spell at you.
The iron shot hits you!
You hear a roar!
You closely miss the yellow draconian.
The yellow draconian is lightly wounded.
The yellow draconian hits you but does no damage.
A black draconian comes into view. It is wielding a +0 vampiric halberd.
The yellow draconian annihilator spits acid at you.
The glob of acid hits you!!
Unknown command.
You hit the yellow draconian but do no damage.
The yellow draconian is lightly wounded.
Unknown command.
You barely miss the yellow draconian.
The yellow draconian is lightly wounded.
You block the yellow draconian's attack.
Unknown command.
You feel agile.
You feel a sense of dread.
b - the +5 war axe "Doank" (weapon)
{vamp, rF+ Dex+2 Stlth-} The yellow draconian spits acid at you.
The glob of acid hits you.
The yellow draconian annihilator casts a spell at you.
You block the crystal spear... and reflect it back!
The crystal spear hits the yellow draconian annihilator!!
You hear a roar! x2
You barely miss the yellow draconian.
The yellow draconian is lightly wounded.
You slash the yellow draconian annihilator!
The yellow draconian hits you but does no damage.
The yellow draconian annihilator points at you and mumbles some strange words.
The poison arrow hits you!!!
You are poisoned.
You hit the yellow draconian annihilator but do no damage.
The yellow draconian annihilator is heavily wounded.
You slash the yellow draconian!
You feel very sick.
Unknown command.
You hit the yellow draconian annihilator but do no damage.
The yellow draconian annihilator is heavily wounded.
You slash the yellow draconian!
You feel very sick.
You block the yellow draconian's attack.
The yellow draconian annihilator spits acid at you.
The glob of acid hits you! The acid corrodes you!
You barely miss the yellow draconian annihilator.
The yellow draconian annihilator is heavily wounded.
You hit the yellow draconian but do no damage.
You feel very sick. The yellow draconian spits acid at you.
The glob of acid hits you but does no damage.
The acid corrodes you!
The yellow draconian annihilator spits acid at you.
The glob of acid hits you!
You slash the yellow draconian annihilator!
The yellow draconian annihilator is heavily wounded.
You slash the yellow draconian!
You feel sick.
The yellow draconian hits you with a +0 dire flail!
You block the black draconian's attack.
You block the yellow draconian annihilator's attack.
Unknown command.
You feel better.
You block the yellow draconian's attack.
The black draconian hits you but does no damage.
You block the yellow draconian annihilator's attack.
Unknown command.
You begin recalling your allies.
Bogwik is recalled.
You block the yellow draconian's attack.
The black draconian completely misses you.
The yellow draconian annihilator gestures at you while chanting.
The crystal spear hits you!!!
* * * LOW HITPOINT WARNING * * *
You closely miss the yellow draconian annihilator.
The yellow draconian annihilator is heavily wounded.
You hit the yellow draconian but do no damage.
Brunolf is recalled.
Harm is recalled.
Your orc warlords go into a battle-frenzy!
You hear a roar!
Unknown command.
You slice the yellow draconian annihilator!!
The yellow draconian annihilator is severely wounded.
You hit the yellow draconian but do no damage.
Berold is recalled.
You hear two shouts!
You block the black draconian's attack.
The yellow draconian annihilator points at you and mumbles some strange words.
The poison arrow hits you!!!
You are poisoned.
You die...

Skill      XL: |  1  2  3  4  5  6  7  8  9 10 11 12 13 14 15 16 17 18 19 20 21 22 |
---------------+-------------------------------------------------------------------+-----
Fighting       | 4 5 6 7 8 9 10 11 12 13 15 16 17 18 19 20 | 20.0
Axes           | 5 7 8 9 10 12 13 15 16 17 18 | 18.0
Invocations    | 3 6 8 11 13 14 15 17 18 19 20 21 22 24 | 24.0
Armour         | 1 3 4 6 7 8 9 10 11 12 13 14 15 | 15.0
Dodging        | 3 4 5 6 7 8 |  8.0
Shields        | 2 4 6 9 10 11 12 13 15 16 17 18 | 18.0
Evocations     | 1 3 5 7 9 10 11 12 13 15 | 15.0
Shapeshifting  | 3 8 |  8.4

Action                     |  1- 3 |  4- 6 |  7- 9 | 10-12 | 13-15 | 16-18 | 19-21 | 22-24 || total
---------------------------+-------+-------+-------+-------+-------+-------+-------+-------++-------
  Melee: Hand axe          |    28 |       |       |    86 |   245 |       |       |       ||   359
         Short sword       |    29 |    62 |   118 |    41 |       |       |       |       ||   250
         Demon whip        |       |       |       |   284 |   193 |       |       |       ||   477
         War axe           |       |       |       |     7 |       |       |   863 |   228 ||  1098
         Trident           |       |       |       |       |   570 |  1382 |    80 |       ||  2032
         Broad axe         |       |       |       |       |       |    21 |    30 |       ||    51
         Morningstar       |       |       |       |       |       |       |   855 |   341 ||  1196
  Throw: Dart              |       |     1 |       |       |       |       |       |       ||     1
 Invoke: Convert to Beogh  |     1 |       |       |       |       |       |       |       ||     1
         Smiting           |       |       |     3 |    12 |    34 |    34 |    34 |    11 ||   128
         Recall Orcish Fol |       |       |     3 |     4 |    12 |    36 |    17 |     3 ||    75
         Stop Recall       |       |       |     2 |     3 |     7 |    18 |     8 |     1 ||    39
         Give Item to Name |       |       |       |       |     3 |     5 |     2 |       ||    10
  Evoke: Wand              |       |       |     2 |       |     3 |     4 |     3 |     5 ||    17
         Box of beasts     |       |       |       |       |       |       |     1 |       ||     1
    Use: Scroll            |       |       |     4 |     8 |     7 |     9 |     3 |       ||    31
         Potion            |       |       |       |     1 |     3 |     3 |     8 |     1 ||    16
   Stab: Distracted        |       |       |     1 |     5 |    17 |    16 |    13 |     1 ||    53
         Confused          |       |       |       |     1 |       |     2 |     4 |       ||     7
         Paralysed         |       |       |       |       |       |       |     6 |       ||     6
 Armour: Scale mail        |    27 |    34 |    67 |       |       |       |       |       ||   128
         Acid dragon scale |       |       |    14 |   241 |   307 |       |       |       ||   562
         Chain mail        |       |       |       |       |   373 |  1117 |    67 |       ||  1557
         Plate armour      |       |       |       |       |       |       |  1404 |   423 ||  1827
  Dodge: Dodged            |    23 |    25 |    60 |   438 |   685 |   529 |   399 |   126 ||  2285
  Block: Kite shield       |       |       |       |       |   290 |   948 |  1447 |   379 ||  3064
         Reflection        |       |       |       |       |       |   105 |   152 |     4 ||   261

Levels and vault maps discovered:
D:1:      spicycebolla_arrival_clurvy, layout_basic
D:2:      layout_loops_cross, serial_shops, shop
D:3:      layout_rooms, minmay_increasing_density
D:4:      layout_loops_ring
D:5:      layout_loops_ring, nzn_hepliaklqana_mist_gate,
          nicolae_ru_path_of_blood, nicolae_elyvilon_peaceful_grove,
          kennysheep_mini_moat, mainiacjoe_overflow_six_doors_small,
          nemelex_dance_club_becter, ebering_ghost_rock_garden,
          sigmund_edmund_badplayer, uniq_sigmund, uniq_pikel
D:6:      layout_loops_corners
D:7:      layout_rooms, makhleb_altar_promises_db, nzn_wu_jian_contemplation,
          temple_hall, serial_shops, shop, grunt_ministairs_14, uniq_maggie,
          uniq_jeremiah, uniq_crazy_yiuf_cottage
D:8:      layout_cave_pools, uniq_erica, uniq_amaemon
D:9:      layout_basic, lemuel_crystal_altar, yredelemnul_altar_generic,
          okawaru_trees_2, hellmonk_lair_entry_icy, grunt_ministairs_9
D:10:     layout_grid_maze, tso_oasis_becter, nicolae_gozag_seed_capital,
          gammafunk_ghost_ooze
D:11:     layout_grid_maze, nicolae_dithmenos_shadow_blocks
D:12:     layout_loops_cross, orc_0_dummy, serial_shops,
          nicolae_shop_bloodbath_and_beyond, minivault_1
D:13:     layout_grid_maze, lightli_vaults_fourway_checkpoint,
          gauntlet_entry_generic
D:14:     layout_basic, roderic_lattice_octagonal_star, serial_shops, shop,
          nicolae_shop_just_a_little_nook, kennysheep_mini, shop, uniq_roxanne
D:15:     gammafunk_enter_depths_forms, layout_rooms,
          minmay_guarded_unrand_curses, uniq_agnes
Lair:1:   layout_regular_city
Lair:2:   layout_long_grid, skrybe_swamp_entry_bodies, uniq_gastronok
Lair:3:   layout_regular_city, nicolae_snake_entry_warm_welcome
Lair:4:   layout_regular_city, slime_entry_1, ebering_ghost_rock_garden,
          serial_bayou_pond_d, chequers_serial_rivers_micro_a,
          serial_bayou_shore_a, grunt_megastairs_1, uniq_snorg
Lair:5:   gammafunk_lair_ancient_temple, layout_misc_corridors, minivault_19,
          uniq_josephine, uniq_sonja
Swamp:1:  layout_falls_marsh, evilmike_swamp_ruin_house_4, swamp_pool1,
          hangedman_swamp_dais
Swamp:2:  layout_basic_swamp, evilmike_swamp_ruin_house_3, water_boxes_lemuel,
          infiniplex_staircase_pool, uniq_jorgrun
Swamp:3:  layout_basic_swamp, evilmike_swamp_ruin_house_2, swamp_pool1,
          nicolae_swamp_necromancy_gone_wrong
Swamp:4:  swamp_alternative, layout_basic_swamp
Snake:1:  layout_chambers, serial_shops, nicolae_diamond_shop, minmay_shop_grove
Snake:2:  layout_concentric_octagons, basic_altar, lemuel_fruit_tree, uniq_aizul
Snake:3:  layout_rooms, nicolae_shop_sticking_my_neck_out, uniq_saint_roka,
          uniq_mara, uniq_vashnia
Snake:4:  minmay_snake_end_coiled, layout_basic
Orc:1:    gammafunk_beogh_shrine, layout_diamond_mine, serial_shops, shop,
          nicolae_orc_sculptors_studio
Orc:2:    st_orc_open, layout_caves, nicolae_volcano_entry_lava_flow,
          serial_shops, shop
Elf:1:    nicolae_elf_arrival_no_cutting_in_line, layout_onion_city,
          serial_shops, shop, hangedman_elven_crosses_minicolossus,
          minmay_shoptagon
Elf:2:    elven_hall_of_blades_hangedman_original [grunt_blade_entry_basic],
          layout_loops_corners, serial_shops, shop, uniq_nikola
Elf:3:    minmay_elf_hall_statues, layout_geoelf_diagonals, serial_shops,
          nicolae_shop_pleasant_corner_grove, uniq_bai_suzhen
Vaults:1: v_misc_26, hangedman_vaults_nails, vaults_dpeg_encased_lava,
          v_misc_29, nicolae_vaults_layer_cake_slice,
          nicolae_vaults_apartment_1, nicolae_vaults_display_case,
          layout_vaults_omnigrid
Vaults:2: mu_enter_wizlab_5, v_misc_24, nicolae_vaults_tetromino_T_2, v_misc_30,
          nicolae_vaults_network_quincunx
          [nicolae_vaults_network_quincunx_subvault,
          nicolae_vaults_network_quincunx_subvault,
          nicolae_vaults_network_quincunx_subvault,
          nicolae_vaults_network_quincunx_subvault,
          nicolae_vaults_network_quincunx_subvault],
          nicolae_vaults_closet_pinwheel_4, ontoclasm_vaults_eye,
          nicolae_vaults_hexular_roomagon, nicolae_vaults_library_corner,
          nicolae_vaults_closet_pinwheel_3, nicolae_vaults_more_shelving_2,
          layout_vaults_omnibox, serial_shops, freezing_bzr
Vaults:3: serial_ice_b, nicolae_vaults_diffraction_hallways,
          hangedman_vaults_hat, grunt_vaults_trifunnel, vaults_dpeg_hooks,
          nicolae_vaults_diagonal_hallway_9, nicolae_vaults_layer_cake_slice,
          minmay_crypt_entry_simple_walls, nicolae_vaults_gold_heap,
          vaults_room_hallway, vaults_room_stairs_pillars, layout_vaults_ring
Vaults:4: vaults_standard_mumra_enter_the_diamond, vaults_room_door_ring,
          grunt_vaults_focal, nicolae_vaults_little_squares_6,
          nicolae_vaults_little_squares_6, nicolae_vaults_double_plus_3,
          nicolae_vaults_little_squares_1, nicolae_vaults_know_your_exits,
          v_alt_pattern_4, hangedman_vaults_slice, ontoclasm_vaults_idyll,
          nicolae_vaults_bisected_slash, nicolae_vaults_house_3,
          vaults_room_semicircle, layout_vaults_omnicross, serial_shops,
          nicolae_shop_tiny_waterfront, shop, nicolae_shop_real_fake_doors
Depths:1: layout_cave_shapes, hellmouth_3, kennysheep_cross_room, pan_entry,
          marbit_kobold_abyss_entry, minmay_misc_feat_room, guppyfry_shop_blood
Depths:2: cross_vault, layout_gridlike, grunt_pan_entry_spiral,
          pf_hell_entry_tar_spiral, nicolae_twisty_statue_hallways,
          infiniplex_staircase_pool_2
Depths:3: minmay_shrinking_squares, layout_long_grid, enter_ziggurat_c,
          grunt_hell_horde, serial_shops, bzr_in_the_mist,
          nicolae_stop_n_shop_2, nicolae_shop_getting_attention,
          minmay_misc_feat_five, nicolae_abyss_entry_one_way_or_another,
          infiniplex_staircase_zigzag_3
Depths:4: grunt_x_marks_the_spot, layout_basic, nicolae_vehumet_radiance,
          grunt_hell_entry_dis_old

Notes
Turn   | Place    | Note
-------+----------+-------------------------------------------
     0 | D:1      | scionoferis the Hill Orc Monk began the quest for the Orb.
     0 | D:1      | Reached XP level 1. HP: 19/19 MP: 1/1
   251 | D:1      | Reached XP level 2. HP: 27/27 MP: 2/2
   339 | D:1      | Reached skill level 4 in Fighting
   671 | D:2      | Became a worshipper of Beogh the Brigand
   671 | D:2      | Reached * piety under Beogh
   671 | D:2      | Reached ** piety under Beogh
   675 | D:2      | Found Juosess's Distillery.
   726 | D:2      | Identified the +10 short sword of Yzoeghar {flame, rPois
                  | rC+ Str+2}
   795 | D:2      | Reached skill level 5 in Axes
   813 | D:2      | Reached XP level 3. HP: 30/33 MP: 3/3
  1291 | D:3      | Reached XP level 4. HP: 39/41 MP: 4/4
  1376 | D:3      | Reached skill level 6 in Axes
  1518 | D:3      | Reached *** piety under Beogh
  1992 | D:4      | Noticed a black bear
  1996 | D:4      | Killed a black bear
  1997 | D:4      | Reached skill level 5 in Fighting
  1997 | D:4      | Reached skill level 7 in Axes
  1997 | D:4      | Reached XP level 5. HP: 47/48 MP: 5/5
  2088 | D:4      | Reached XP level 6. HP: 56/56 MP: 6/6
  2130 | D:4      | Reached skill level 8 in Axes
  2170 | D:4      | Reached skill level 6 in Fighting
  2255 | D:4      | Reached XP level 7. HP: 63/63 MP: 7/7
  2491 | D:5      | Entered Level 5 of the Dungeon
  2513 | D:5      | Reached skill level 1 in Invocations
  2588 | D:5      | Found a white marble altar of Elyvilon.
  2623 | D:5      | Reached skill level 1 in Armour
  2641 | D:5      | Reached skill level 2 in Invocations
  2700 | D:5      | Found a radiant altar of Vehumet.
  2809 | D:5      | Reached skill level 3 in Invocations
  2862 | D:5      | Reached XP level 8. HP: 69/71 MP: 10/10
  2894 | D:5      | Reached skill level 9 in Axes
  2901 | D:5      | Noticed Pikel
  2911 | D:5      | Killed Pikel
  2912 | D:5      | Reached skill level 7 in Fighting
  2912 | D:5      | Reached skill level 2 in Armour
  2912 | D:5      | Reached skill level 3 in Dodging
  2912 | D:5      | Reached skill level 5 in Invocations
  3153 | D:5      | Noticed Sigmund
  3153 | D:5      | Noticed Edmund
  3157 | D:5      | Killed Sigmund
  3158 | D:5      | Reached skill level 3 in Armour
  3158 | D:5      | Reached skill level 6 in Invocations
  3161 | D:5      | Killed Edmund
  3344 | D:5      | Found a runed translucent gate.
  3344 | D:5      | Found a runed translucent gate.
  3344 | D:5      | Found a runed translucent gate.
  3345 | D:5      | Noticed Splishie's ghost (novice GnSh)
  3362 | D:5      | Killed Splishie's ghost
  3363 | D:5      | Reached XP level 9. HP: 75/79 MP: 12/14
  3416 | D:5      | Found a sacrificial altar of Ru.
  3495 | D:5      | Found a hazy altar of Hepliaklqana.
  3541 | D:5      | Found a shimmering blue altar of Sif Muna.
  3598 | D:5      | Reached skill level 7 in Invocations
  3607 | D:5      | Found a sparkling altar of Nemelex Xobeh.
  3751 | D:6      | Reached skill level 10 in Axes
  3751 | D:6      | Reached skill level 4 in Dodging
  3816 | D:6      | Reached skill level 4 in Armour
  3854 | D:6      | Reached **** piety under Beogh
  4530 | D:6      | Reached skill level 8 in Fighting
  4650 | D:7      | Found a runed translucent door.
  4651 | D:7      | Noticed Crazy Yiuf
  4672 | D:6      | Killed Crazy Yiuf
  4868 | D:7      | Noticed Maggie
  4882 | D:6      | Killed Maggie
  4883 | D:6      | Reached skill level 8 in Invocations
  5092 | D:7      | Upgraded the game from 0.31-a0-844-gdc52ec4e09 to
                  | 0.31-a0-845-g9abc20d24f
  5269 | D:7      | Found a staircase to the Ecumenical Temple.
  5287 | D:7      | Found Fyhotony's Book Emporium.
  5315 | D:7      | Noticed Jeremiah
  5318 | D:7      | Killed Jeremiah
  5319 | D:7      | Reached XP level 10. HP: 90/90 MP: 9/16
  5397 | D:7      | Found a burning altar of Makhleb.
  5404 | D:7      | Noticed a cacodemon
  5495 | D:7      | Reached skill level 9 in Invocations
  5498 | D:7      | Reached skill level 5 in Armour
  5507 | D:7      | Gained Boghold as an ally
  5577 | D:7      | Found an ornate altar of the Wu Jian Council.
  5979 | D:2      | Bought a potion of haste for 130 gold pieces
  5979 | D:2      | Bought a potion of attraction for 39 gold pieces
  5979 | D:2      | Bought a potion of might for 52 gold pieces
  5979 | D:2      | Bought a potion of enlightenment for 65 gold pieces
  5979 | D:2      | Bought a potion of lignification for 39 gold pieces
  6195 | D:8      | Noticed Erica
  6198 | D:8      | Killed Erica
  6199 | D:8      | Reached skill level 11 in Axes
  6427 | D:8      | Noticed Amaemon
  6428 | D:8      | Noticed an orange demon
  6433 | D:8      | Killed Amaemon
  6434 | D:8      | Reached skill level 9 in Fighting
  6434 | D:8      | Reached skill level 5 in Dodging
  6434 | D:8      | Reached skill level 10 in Invocations
  6438 | D:8      | Killed an orange demon
  6827 | D:8      | Identified 3 potions of resistance
  7063 | D:9      | Found a glowing silver altar of Zin.
  7155 | D:9      | Reached skill level 6 in Armour
  7261 | D:9      | Noticed a gargoyle
  7276 | D:8      | Killed a gargoyle
  7277 | D:8      | Reached skill level 12 in Axes
  7277 | D:8      | Reached skill level 11 in Invocations
  7412 | D:9      | Reached XP level 11. HP: 97/97 MP: 19/19
  7519 | D:9      | Killed a two-headed ogre
  7521 | D:9      | Found a basalt altar of Yredelemnul.
  7550 | D:9      | Noticed a two-headed ogre
  7556 | D:9      | Killed a two-headed ogre
  7560 | D:9      | Noticed a two-headed ogre
  7569 | D:9      | Killed a two-headed ogre
  7691 | D:9      | Found a staircase to the Lair.
  7901 | D:9      | Found an iron altar of Okawaru.
  8092 | D:10     | Entered Level 10 of the Dungeon
  8123 | D:10     | Found a runed translucent gate.
  8123 | D:10     | Found a runed translucent gate.
  8123 | D:10     | Found a runed translucent gate.
  8355 | D:10     | Found an opulent altar of Gozag.
  8929 | D:10     | Found a glowing golden altar of the Shining One.
  9055 | D:10     | Found a viscous altar of Jiyva.
  9055 | D:10     | Noticed a glowing orange brain
  9055 | D:10     | Noticed tizzy's ghost (journeyman DsMo)
  9074 | D:10     | Reached skill level 12 in Invocations
  9142 | D:10     | Reached skill level 10 in Fighting
  9387 | D:11     | Found a shadowy altar of Dithmenos.
  9504 | D:11     | Reached skill level 13 in Axes
  9509 | D:11     | Reached skill level 1 in Shields
  9805 | D:11     | Reached skill level 7 in Armour
  9891 | D:11     | Noticed a two-headed ogre
  9897 | D:11     | Killed a two-headed ogre
  9913 | D:11     | Reached skill level 2 in Shields
 10392 | D:11     | Noticed a two-headed ogre
 10400 | D:11     | Killed a two-headed ogre
 10487 | D:11     | Killed a cyclops
 10552 | D:12     | Noticed a two-headed ogre
 10565 | D:11     | Killed a two-headed ogre
 10715 | D:11     | Reached skill level 1 in Evocations
 11261 | D:12     | Found a staircase to the Orcish Mines.
 11436 | D:12     | Noticed a deep elf pyromancer
 11438 | D:12     | Killed a deep elf pyromancer
 11439 | D:12     | Reached skill level 13 in Invocations
 11439 | D:12     | Reached XP level 12. HP: 107/107 MP: 14/21
 11457 | D:12     | Reached skill level 3 in Shields
 11466 | D:12     | Reached skill level 14 in Axes
 11597 | D:12     | Found Ruwkiem's Weapon Shop.
 11609 | D:12     | Reached skill level 2 in Evocations
 11898 | Lair:1   | Entered Level 1 of the Lair of Beasts
 11969 | Lair:1   | Identified the amulet of Faeq {RegenMP Dex+3}
 12565 | Lair:1   | Reached skill level 8 in Armour
 13051 | Lair:1   | Reached skill level 11 in Fighting
 13051 | Lair:1   | Reached skill level 4 in Shields
 13157 | Lair:1   | Reached skill level 3 in Evocations
 13420 | Lair:2   | Reached skill level 14 in Invocations
 13464 | Lair:2   | Noticed Gastronok
 13468 | Lair:2   | Killed Gastronok
 13997 | Lair:2   | Reached skill level 15 in Axes
 14205 | Lair:2   | Reached XP level 13. HP: 116/116 MP: 23/23
 14362 | Lair:2   | Found a staircase to the Swamp.
 14740 | Lair:2   | Reached skill level 5 in Shields
 14740 | Lair:2   | Reached skill level 4 in Evocations
 15612 | Lair:3   | Gained Orgrim as an ally
 15690 | Lair:3   | Found a staircase to the Snake Pit.
 15716 | Lair:3   | Reached skill level 15 in Invocations
 16272 | Lair:4   | Noticed Snorg
 16281 | Lair:3   | Killed Snorg
 16282 | Lair:3   | Reached skill level 9 in Armour
 16775 | Lair:4   | Found a staircase to the Slime Pits.
 16840 | Lair:4   | Found a runed translucent gate.
 16841 | Lair:4   | Found a runed translucent gate.
 16841 | Lair:4   | Found a runed translucent gate.
 16841 | Lair:4   | Noticed Bekuax's ghost (journeyman MfIE)
 17042 | Lair:4   | Reached skill level 16 in Axes
 17663 | Lair:5   | Entered Level 5 of the Lair of Beasts
 17699 | Lair:4   | Reached skill level 12 in Fighting
 17851 | Lair:4   | Reached skill level 5 in Evocations
 17855 | Lair:4   | Reached skill level 6 in Shields
 19176 | Lair:4   | Reached XP level 14. HP: 127/127 MP: 25/25
 19207 | Lair:5   | Reached ***** piety under Beogh
 19219 | Lair:5   | Gained Thorok as an ally
 19262 | Lair:5   | Reached skill level 10 in Armour
 19264 | Lair:5   | Reached skill level 6 in Evocations
 19265 | Lair:5   | Reached skill level 7 in Shields
 19307 | Lair:5   | Noticed Josephine
 19310 | Lair:5   | Killed Josephine
 19345 | Lair:5   | Reached skill level 16 in Invocations
 19819 | Lair:5   | Reached skill level 13 in Fighting
 19936 | Lair:5   | Noticed Sonja
 19940 | Lair:5   | Killed Sonja
 20187 | Lair:5   | Identified the +10 trident "Qadgh" {speed, rPois Int+3}
 20731 | Orc:1    | Entered Level 1 of the Orcish Mines
 20789 | Orc:1    | Found Taellint's Jewellery Emporium.
 20958 | Orc:1    | Noticed a stone giant
 20962 | Orc:1    | Found a roughly hewn altar of Beogh.
 21314 | Orc:2    | Entered Level 2 of the Orcish Mines
 21353 | Orc:2    | Found a dark tunnel.
 21361 | Volcano  | Entered a volcano
 21401 | Volcano  | Reached skill level 8 in Shields
 21401 | Volcano  | Reached skill level 7 in Evocations
 21729 | Orc:2    | Found Niceidar's General Store.
 21742 | Orc:2    | Gained Dorog as an ally
 21745 | Orc:2    | Found Guangot's Armour Emporium.
 21756 | Orc:2    | Found Piesch's Weapon Shop.
 21765 | Orc:2    | Found Micvan's Jewellery Shoppe.
 21885 | Orc:2    | Found Miyl's Assorted Antiques.
 21991 | Orc:1    | Found a transporter.
 21992 | Orc:1    | Found a transporter.
 22204 | Orc:2    | Found a staircase to the Elven Halls.
 22240 | Orc:2    | Bought a scroll of identify for 28 gold pieces
 22978 | Orc:2    | Bought a scroll of identify for 78 gold pieces
 23295 | Orc:1    | Killed a stone giant
 23308 | Orc:1    | HP: 8/130 [orc knight/+0 great sword (11)]
 23312 | Orc:1    | Reached skill level 9 in Shields
 23312 | Orc:1    | Reached skill level 17 in Invocations
 23315 | Orc:1    | Reached XP level 15. HP: 41/137 MP: 16/27
 23591 | Orc:2    | Bought a ring of see invisible for 165 gold pieces
 23801 | Swamp:1  | Entered Level 1 of the Swamp
 23818 | Swamp:1  | Reached skill level 8 in Evocations
 24165 | Swamp:1  | Identified the +0 scale mail of Submission {rN+ Str+4
                  | Slay+2}
 24218 | Swamp:1  | Noticed a thorn hunter
 24398 | Swamp:1  | Killed a thorn hunter
 24538 | Swamp:1  | Reached skill level 14 in Fighting
 25229 | Swamp:1  | Identified the +5 ring mail of Leaves {*Slow rC+ Str+5}
 26337 | Swamp:2  | Noticed a fenstrider witch
 26346 | Swamp:2  | Killed a fenstrider witch
 26358 | Swamp:2  | Noticed Jorgrun
 26362 | Swamp:2  | Killed Jorgrun
 27248 | Swamp:2  | Reached skill level 10 in Shields
 27657 | Swamp:2  | Reached skill level 9 in Evocations
 28746 | Swamp:3  | Reached skill level 17 in Axes
 28761 | Swamp:3  | Gained Harm as an ally
 29114 | Swamp:3  | Got a murmuring book
 29312 | Swamp:3  | Reached skill level 18 in Invocations
 29456 | Swamp:3  | Identified the +6 halberd of the Moth {heavy, rPois SInv}
 29778 | Swamp:4  | Entered Level 4 of the Swamp
 29783 | Swamp:3  | Reached skill level 15 in Fighting
 30285 | Swamp:3  | Reached XP level 16. HP: 145/149 MP: 29/29
 30698 | Swamp:4  | Noticed a thorn hunter
 30857 | Swamp:3  | Killed a thorn hunter
 32208 | Swamp:4  | Got a decaying rune of Zot
 33220 | Orc:2    | Bought a twisted sapphire ring for 195 gold pieces
 33747 | D:13     | Found a gate to the Vaults.
 33765 | D:13     | Reached skill level 11 in Shields
 33777 | D:13     | Gained Brunolf as an ally
 33792 | D:13     | Found a gate leading to a gauntlet.
 33815 | Gauntlet | Entered a Gauntlet
 33815 | Gauntlet | Found a transporter.
 33851 | Gauntlet | Found a transporter.
 33860 | Gauntlet | Found a runed translucent door.
 33862 | Gauntlet | Found a transporter.
 33864 | Gauntlet | Found a transporter.
 33873 | Gauntlet | Found a transporter.
 33895 | Gauntlet | Found a transporter.
 33905 | Gauntlet | Found the ring of the Octopus King
 33906 | Gauntlet | Found a transporter.
 33918 | Gauntlet | Found a transporter.
 33937 | Gauntlet | Found a transporter.
 33951 | Gauntlet | Found a transporter.
 33951 | Gauntlet | Found a transporter.
 33999 | Gauntlet | Found a transporter.
 34013 | Gauntlet | Found a transporter.
 34026 | Gauntlet | Found a transporter.
 34163 | Gauntlet | Identified the staff of Cataclysm {rN+ rCorr Str+3 Conj}
 34302 | Gauntlet | Identified the ring of Duonerph {rF+ rC+ MP+9 Slay+2}
 34308 | Gauntlet | Identified the staff of Dithmenos's Hope {*Slow rPois rC+
                  | rN++ Poison}
 34491 | Gauntlet | Got a blackened book
 35289 | D:13     | Identified the +1 robe "Agruor" {rCorr Str+2}
 36115 | D:14     | Found Boufim's Magic Scroll Emporium.
 36120 | D:14     | Bought a scroll of identify for 24 gold pieces
 36120 | D:14     | Bought a scroll of identify for 24 gold pieces
 36120 | D:14     | Bought a scroll of identify for 24 gold pieces
 36120 | D:14     | Bought a scroll of identify for 24 gold pieces
 36300 | D:14     | Found Xorhel's Assorted Antiques.
 36314 | D:14     | Found Xeibbi's Distillery.
 36356 | D:14     | Found Tvzc's Magic Scroll Shoppe.
 36361 | D:14     | Bought a scroll of immolation for 44 gold pieces
 36361 | D:14     | Bought a scroll of enchant armour for 82 gold pieces
 36361 | D:14     | Bought a scroll of identify for 22 gold pieces
 36888 | D:14     | Noticed Roxanne
 37038 | D:15     | Entered Level 15 of the Dungeon
 37068 | D:15     | Noticed Agnes
 37084 | D:14     | Killed Agnes
 37702 | D:14     | Reached skill level 6 in Dodging
 38053 | D:14     | Reached skill level 18 in Axes
 38244 | D:15     | Reached skill level 11 in Armour
 38642 | D:15     | Reached skill level 10 in Evocations
 38763 | D:15     | Gained Dorog as an ally
 39374 | D:15     | Found a staircase to the Depths.
 39540 | D:14     | Killed Roxanne
 39541 | D:14     | Reached XP level 17. HP: 158/158 MP: 24/30
 39986 | Snake:1  | Entered Level 1 of the Snake Pit
 40249 | Orc:1    | Bought the ring "Quuriko" {rElec AC+4 Str+3 Stlth+} for 886
                  | gold pieces
 40650 | Lair:3   | Gained Thorok as an ally
 40722 | Snake:1  | Found Evviqiph's Book Emporium.
 41193 | Snake:1  | You fall into a shaft and drop 1 floor!
 41225 | Snake:2  | Reached skill level 19 in Invocations
 41454 | Snake:1  | Reached skill level 16 in Fighting
 41473 | Snake:1  | Identified the +0 ring mail "Gupurin" {Will++ Str+2 Dex+3}
 41752 | Snake:1  | Found Obleak Ufith's Jewellery Boutique.
 41753 | Snake:1  | Found Vyhefiodgh's Book Shoppe.
 41753 | Snake:1  | Found Uhaost's Book Shoppe.
 41955 | Snake:2  | Found a broken altar of Ashenzari.
 42160 | Snake:2  | Identified a +0 kite shield of resistance
 42420 | Snake:2  | Noticed Aizul
 42431 | Snake:2  | Killed Aizul
 42714 | Snake:2  | Reached skill level 12 in Shields
 43987 | Snake:3  | Noticed Saint Roka
 44244 | Snake:3  | Found Faolul's Neck Hole.
 44868 | Snake:3  | Noticed Mara
 44869 | Snake:3  | Noticed scionoferis's illusion
 44966 | Snake:3  | Noticed scionoferis's illusion
 45027 | Snake:2  | Killed Mara
 45148 | Snake:3  | Noticed Vashnia
 45253 | Snake:3  | Killed Vashnia
 45269 | Snake:3  | Reached skill level 7 in Dodging
 45673 | Snake:4  | Entered Level 4 of the Snake Pit
 47486 | Snake:3  | Reached skill level 12 in Armour
 48274 | Snake:4  | Gained Grimold as an ally
 48524 | Snake:4  | Reached skill level 11 in Evocations
 48524 | Snake:4  | Your ally Grimold died
 48926 | Snake:4  | Gained Orik as an ally
 48931 | Snake:4  | Reached XP level 18. HP: 140/168 MP: 31/31
 49060 | Snake:4  | Your ally Orik died
 49420 | Snake:4  | Got a serpentine rune of Zot
 49650 | Snake:1  | Bought the ring "Zilamu Ropeh" {Fire Will++ Dex-5 SInv} for
                  | 516 gold pieces
 50237 | Elf:1    | Entered Level 1 of the Elven Halls
 51743 | Elf:1    | Reached skill level 17 in Fighting
 51743 | Elf:1    | Reached skill level 13 in Shields
 52118 | Elf:1    | Gained Ugrim as an ally
 52443 | Elf:1    | Found Athridwo's Weapon Shop.
 52505 | Elf:1    | Found Mucheni's Antique Armour Shop.
 52507 | Elf:1    | Found Paot's Book Shop.
 52507 | Elf:1    | Found Iclug's Assorted Antiques.
 52511 | Elf:1    | Found Ahuafeg's Book Boutique.
 52532 | Elf:1    | Bought a pair of runed gloves for 217 gold pieces
 52554 | Elf:1    | Bought an embroidered scarf for 336 gold pieces
 52554 | Elf:1    | Identified a scarf of resistance (You bought it in a shop
                  | on level 1 of the Elven Halls)
 53150 | Elf:2    | Reached skill level 8 in Dodging
 53152 | Elf:2    | Identified the +2 leather armour of Poor Excuses {rPois rF+
                  | Dex+4}
 53238 | Elf:2    | Reached skill level 20 in Invocations
 53374 | Elf:2    | Found Yhiaruf's Armour Boutique.
 53968 | Elf:2    | Paralysed by an air elemental for 1 turns
 54179 | Elf:2    | Paralysed by an air elemental for 1 turns
 54245 | Elf:1    | Paralysed by an air elemental for 1 turns
 54493 | Elf:1    | Reached skill level 13 in Armour
 54623 | Elf:2    | Identified the +3 plate armour of Theory {+Inv rF+++ Str-4
                  | Stlth-}
 54776 | Elf:2    | Found a runed translucent gate.
 54776 | Elf:2    | Found a runed translucent gate.
 54778 | Elf:2    | Found a runed translucent gate.
 54888 | Elf:3    | Entered Level 3 of the Elven Halls
 54928 | Elf:2    | Reached ****** piety under Beogh
 55228 | Elf:3    | Noticed Bai Suzhen
 55236 | Elf:3    | Killed Bai Suzhen
 55362 | Elf:3    | Found Kemeph's Magic Scroll Shop.
 55707 | Elf:3    | Identified the +2 ring mail of Summer {Stlth+}
 55758 | Elf:3    | Reached skill level 12 in Evocations
 56048 | Elf:3    | Reached XP level 19. HP: 102/177 MP: 33/33
 56461 | Elf:3    | Reached skill level 14 in Shields
 56978 | Elf:3    | Reached skill level 18 in Fighting
 57163 | Elf:3    | Identified the +5 war axe "Doank" {vamp, rF+ Dex+2 Stlth-}
 57163 | Elf:3    | Identified the ring of Tuxo Foi {Drain rF+ rCorr Dex+5
                  | Slay-6}
 57195 | Elf:3    | Identified the +6 morningstar "Unuemeqy" {speed, rPois
                  | rC++}
 58524 | D:10     | Gained Berold as an ally
 58535 | D:10     | Killed tizzy's ghost
 58707 | Lair:4   | Killed Bekuax's ghost
 58982 | Vaults:1 | Entered Level 1 of the Vaults
 59060 | Vaults:1 | Reached skill level 14 in Armour
 59152 | Vaults:1 | Reached skill level 21 in Invocations
 59925 | Vaults:1 | Gained Wargrak as an ally
 60428 | Vaults:1 | You fall into a shaft and drop 1 floor!
 60546 | Vaults:2 | Found a magical portal.
 60556 | WizLab   | Entered Eringya's Formal Garden
 60766 | WizLab   | Gained Bogwald as an ally
 60772 | WizLab   | Paralysed by a hornet for 3 turns
 60790 | WizLab   | Your ally Bogwald died
 60908 | WizLab   | Paralysed by a hornet for 2 turns
 60913 | WizLab   | Paralysed by a hornet for 2 turns
 61448 | WizLab   | Found a blossoming altar of Fedhas.
 61482 | WizLab   | Got a murmuring book
 61548 | WizLab   | Reached skill level 15 in Shields
 61576 | WizLab   | Reached XP level 20. HP: 189/189 MP: 34/34
 61936 | Vaults:1 | Reached skill level 19 in Fighting
 62078 | Vaults:1 | Reached skill level 13 in Evocations
 62763 | Vaults:1 | Identified the +3 scale mail of Otraod Jure {rN+}
 63128 | Vaults:1 | Reached skill level 15 in Armour
 63953 | Vaults:2 | Your ally Dorog died
 63959 | Vaults:2 | Gained Bogwik as an ally
 63964 | Vaults:2 | Reached skill level 22 in Invocations
 64854 | Vaults:3 | Found a staircase to the Crypt.
 65073 | Vaults:3 | Gained Thorok as an ally
 65504 | Vaults:3 | HP: 15/191 [vault warden/+3 great mace of protection (29)]
 66451 | Vaults:3 | Reached skill level 16 in Shields
 67002 | Vaults:4 | Found Yjuuntox's Armour Boutique.
 67280 | Vaults:4 | Reached XP level 21. HP: 195/200 MP: 36/36
 67290 | Vaults:4 | Reached skill level 14 in Evocations
 67739 | Vaults:4 | Reached skill level 20 in Fighting
 67919 | Vaults:4 | Found Togu's Weapon Shoppe.
 68114 | Vaults:4 | Gained Blodwig as an ally
 68188 | Vaults:4 | Found Xaycrou's Distillery.
 69076 | D:15     | Reached skill level 23 in Invocations
 69559 | Depths:1 | Entered Level 1 of the Depths
 69729 | D:15     | Gained Bladwarg as an ally
 70065 | Depths:1 | Found a gateway to Hell.
 70243 | Depths:1 | Found a one-way gate leading to the halls of Pandemonium.
 70330 | Depths:1 | Reached skill level 17 in Shields
 70732 | D:15     | Your ally Bladwarg died
 71453 | Depths:1 | Found Curchios's Blood Bar.
 71547 | Depths:1 | Found a one-way gate to the infinite horrors of the Abyss.
 72349 | Depths:2 | Reached skill level 15 in Evocations
 72838 | Depths:1 | Gained Rocco as an ally
 73253 | Depths:1 | Your ally Rocco died
 74721 | Depths:2 | Noticed a juggernaut
 74739 | Depths:2 | Killed a juggernaut
 74740 | Depths:2 | Reached skill level 1 in Shapeshifting
 74751 | Depths:2 | Reached skill level 24 in Invocations
 74768 | Depths:2 | Reached skill level 2 in Shapeshifting
 75047 | Depths:2 | Identified the amulet of Kuapniaf {RegenMP Int+4}
 75139 | Depths:3 | Found Selouff's Jewellery Shop.
 75534 | Depths:3 | Noticed Louise
 75664 | Depths:2 | Reached skill level 3 in Shapeshifting
 75664 | Depths:2 | Reached XP level 22. HP: 209/209 MP: 38/38
 75829 | Depths:2 | Killed Louise
 75830 | Depths:2 | Reached skill level 18 in Shields
 76064 | Depths:3 | Found Ufisued's Book Shoppe.
 76079 | Depths:3 | Found a one-way gateway to a ziggurat.
 76300 | Depths:3 | Reached skill level 4 in Shapeshifting
 76498 | Depths:3 | Reached skill level 5 in Shapeshifting
 76791 | Depths:3 | Found a gateway to a bazaar.
 77043 | Depths:3 | Reached skill level 6 in Shapeshifting
 77854 | Depths:3 | Noticed a juggernaut
 77863 | Depths:3 | Killed a juggernaut
 78313 | Depths:4 | Entered Level 4 of the Depths
 78384 | Depths:3 | Reached skill level 7 in Shapeshifting
 78771 | Depths:4 | Gained Wulfoc as an ally
 78784 | Depths:4 | Reached skill level 8 in Shapeshifting
 79118 | Depths:4 | Found a radiant altar of Vehumet.
 79279 | Depths:4 | Killed from afar by a yellow draconian annihilator

Vanquished Creatures
  Bai Suzhen (Elf:3)
  Vashnia (Snake:3)
  2 hellephants (Depths:3)
  A lich (Depths:3)
  Jorgrun (Swamp:2)
  A titan (Depths:2)
  A deep elf blademaster (Elf:3)
  7 deep elf master archers (Elf:3 WizLab)
  A quicksilver dragon (Vaults:3)
  An ancient champion (Vaults:3)
  A shadow dragon (Depths:3)
  2 tengu reavers (Depths:4)
  2 thorn hunters (Swamp:1 WizLab)
  2 storm dragons (Depths:3 Depths:2)
  A nagaraja (Snake:4)
  Roxanne (D:14)
  4 fenstrider witches (Swamp:2 WizLab)
  4 fire giants (Depths:2 Depths:3)
  11 vault wardens (Vaults:1 D:13 Vaults:2 Vaults:3 Vaults:4)
  Louise (Depths:2)
  3 frost giants (Depths:2 Depths:3)
  4 deep elf sorcerers (Elf:3 Vaults:4)
  2 deep elf elementalists (Elf:3)
  5 reapers (D:15)
  8 ironbound preservers (D:13 Vaults:2 Vaults:3 Vaults:4)
  2 spriggan defenders (Depths:4)
  8 very ugly things (Vaults:3 D:15 Depths:1 Depths:3)
  6 stone giants (Orc:1 Depths:1 Depths:2 Depths:3)
  4 ironbound thunderhulks (Vaults:1 Vaults:3 Vaults:4)
  3 vampire knights (D:15 Depths:1)
  2 formless jellyfish (Vaults:4)
  3 deep elf demonologists (Elf:3)
  4 eleionomae (Swamp:1 Swamp:2 WizLab)
  2 green draconians (Swamp:1)
  8 deep elf annihilators (Elf:1 Elf:3)
  A minotaur (Gauntlet)
  2 bunyips (Swamp:2 Swamp:3)
  A spark wasp (Depths:3)
  An ettin (Orc:1)
  A blizzard demon (Depths:2)
  4 deep elf death magi (Elf:2 Elf:3)
  3 fire dragons (Volcano Depths:2 Depths:3)
  2 great orbs of eyes (D:13 Vaults:2)
  9 yaktaur captains (Vaults:1 Vaults:2 Vaults:3 Vaults:4)
  3 shambling mangroves (WizLab)
  Josephine (Lair:5)
  2 jiangshi (Depths:2 Depths:3)
  A deep elf high priest (Elf:3)
  3 vault guards (D:13 Vaults:2 Vaults:3)
  2 salamander tyrants (Snake:3 Snake:4)
  A ghost crab (Swamp:1)
  An ice dragon (D:15)
  12 hydras (Swamp:1 Swamp:3 D:14)
  A peacekeeper (Vaults:2)
  A spriggan air mage (Depths:3)
  2 catoblepae (Gauntlet D:15)
  3 ironbound frosthearts (Vaults:2 Vaults:3 Vaults:4)
  A merfolk avatar (Lair:5)
  Erica (D:8)
  2 alligators (Swamp:2 Swamp:3)
  2 anacondas (shapeshifter) (D:15 Elf:2)
  8 centaur warriors (D:15 Vaults:1 WizLab)
  2 ogre magi (Orc:2 Vaults:2)
  13 dancing weapons (Orc:2 Elf:1 Elf:2 Elf:3)
  A death knight (Vaults:3)
  4 tengu warriors (D:15 Depths:1)
  6 deep troll shamans (Depths:1 Depths:3 Depths:4)
  A boulder beetle (shapeshifter) (Depths:3)
  2 anacondas (Lair:3 Snake:3)
  4 two-headed ogres (D:11 Orc:2 Orc:1)
  A boulder beetle (D:14)
  5 naga warriors (Snake:1 Snake:3 Snake:4)
  A vampire mage (Depths:3)
  4 death yaks (Lair:4)
  6 hell hogs (Depths:1 Depths:3)
  4 shock serpents (Snake:1 Snake:2 Snake:4)
  7 naga sharpshooters (Snake:3 Snake:4 WizLab)
  2 spriggan berserkers (Depths:3 Depths:4)
  A deep troll earth mage (Depths:4)
  8 deep elf knights (Elf:1 Elf:2 Elf:3)
  9 spriggans (Swamp:1 Swamp:3 Depths:4)
  A sun demon (D:15)
  4 hell knights (Depths:1 Depths:4)
  A fire crab (Gauntlet)
  2 salamander mystics (Snake:3)
  3 iron trolls (Depths:3)
  Amaemon (D:8)
  A deep troll (shapeshifter) (Elf:3)
  3 glowing orange brains (Depths:2 Depths:3 Depths:4)
  2 goliath frogs (Swamp:1 Swamp:3)
  A sea snake (Lair:4)
  7 swamp dragons (Swamp:1 Swamp:3)
  A naga ritualist (Snake:4)
  4 bog bodies (Lair:2 Swamp:2)
  2 spriggan druids (Swamp:3 Swamp:4)
  An orc knight (Orc:1)
  A flayed ghost (Depths:2)
  16 ironbound convokers (Vaults:1 D:13 Vaults:2 Vaults:3 Vaults:4)
  38 deep trolls (Vaults:2 Vaults:3 Vaults:4 Depths:1 Depths:3)
  11 deep elf archers (Elf:1 Elf:2 Elf:3 WizLab)
  11 lindwurms (Volcano D:13 Vaults:2 Vaults:1 Vaults:3)
  11 wizards (Gauntlet D:14 D:15 D:13 Vaults:2)
  2 phantasmal warriors (Vaults:3)
  10 deep elf pyromancers (D:12 Orc:2 Elf:1 Elf:2 Elf:3)
  5 mana vipers (Snake:2 Snake:3)
  3 fauns (WizLab)
  20 deep elf zephyrmancers (Orc:2 Elf:1 Elf:2 Elf:3)
  Pikel (D:5)
  An orc sorcerer (Orc:2)
  16 ugly things (D:14 D:15 D:13 Vaults:3 Vaults:4)
  2 necromancers (Vaults:1 Vaults:2)
  2 oklob plants (WizLab)
  A manticore (D:15)
  A tengu skeleton (Depths:2)
  A manticore (shapeshifter) (Depths:2)
  6 salamanders (Lair:3 Snake:2 Snake:4)
  A human skeleton (Vaults:1)
  15 vault sentinels (D:13 Vaults:2 Vaults:1 Vaults:3 Vaults:4)
  2 orange demons (D:8 Depths:2)
  A rust devil (Depths:2)
  A molten gargoyle (Gauntlet)
  A torpor snail (Lair:5)
  15 black mambas (Lair:1 Lair:2 Lair:5 Lair:3 Snake:1)
  4 naga magi (Snake:1 Snake:4)
  Maggie (D:6)
  3 smoke demons (D:15)
  3 gargoyles (D:13 Gauntlet)
  4 cane toads (Lair:2 Lair:3 Lair:4)
  29 yaktaurs (Vaults:1 WizLab Vaults:2 Vaults:3 Vaults:4)
  Jeremiah (D:7)
  2 rime drakes (Lair:5 Swamp:3)
  An efreet (D:13)
  A yaktaur zombie (Vaults:1)
  2 unseen horrors (D:11 D:13)
  A kobold demonologist (Depths:1)
  5 komodo dragons (Lair:1 Lair:2 Lair:3 Lair:4 Lair:5)
  3 guardian mummies (D:15)
  A freezing wraith (Vaults:3)
  2 bloated husks (Swamp:3 Swamp:4)
  4 trolls (D:10 D:11 D:13)
  3 polar bears (Lair:1 Lair:5 Vaults:3)
  4 tyrant leeches (Swamp:1 Swamp:2 Swamp:3)
  An ettin zombie (Vaults:1)
  6 blink frogs (Lair:2 Lair:3 Lair:4)
  16 hornets (Swamp:1 Swamp:3 WizLab Depths:4)
  9 slime creatures (D:12 D:13 Vaults:1 Vaults:3)
  Sigmund (D:5)
  A centaur simulacrum (D:14)
  An air elemental (Elf:1)
  9 water elementals (Elf:1 Elf:2 Elf:3 Depths:1 Depths:2)
  17 yaks (Lair:1 Lair:2 Lair:3 Lair:4)
  A wraith (Lair:5)
  6 fire bats (Gauntlet D:15)
  4 fire elementals (Elf:2 Elf:1 Elf:3)
  A chaos spawn (Depths:1)
  16 nagas (Snake:1 Snake:2 Snake:3 Snake:4)
  2 steam dragons (D:8 Volcano)
  15 vampire mosquitoes (D:10 D:11 Swamp:1 Swamp:2 Swamp:3)
  6 swamp worms (Swamp:2 Swamp:3 Swamp:4)
  2 wargs (Orc:2 Snake:3)
  4 hell hounds (Volcano)
  4 water moccasins (Lair:1 Lair:3 Lair:4)
  A floating eye (Depths:3)
  8 swamp drakes (Swamp:1 Swamp:3 Swamp:4)
  An orc warrior (Snake:2)
  2 ice beasts (D:5 D:9)
  3 black bears (D:4 D:6 D:7)
  An orc zombie (Vaults:1)
  6 ogres (D:5 Orc:1 Orc:2)
  9 centaurs (D:6 D:7 D:10 D:13 D:15)
  4 wolves (Lair:1)
  2 phantoms (D:6)
  2 kobold brigands (D:8 Depths:1)
  4 bullfrogs (D:7 D:8 Lair:1)
  A glowing shapeshifter simulacrum (Vaults:3)
  7 earth elementals (Elf:1 Elf:2 Elf:3)
  4 scorpions (D:4 D:5)
  3 killer bees (D:9)
  An electric eel (Lair:4)
  A howler monkey (D:9)
  3 lava snakes (Lair:3)
  A gnoll bouda (D:9)
  A jelly (D:4)
  5 hounds (D:5 D:7)
  4 orc priests (D:4 D:6 D:7)
  A sleepcap (D:5)
  5 iguanas (D:4 D:5 D:6)
  12 orc wizards (D:6 D:7 Orc:1 Orc:2)
  3 hell rats (Lair:4)
  2 mummies (D:15)
  7 adders (D:2 D:3 D:4 D:5)
  5 gnolls (D:9 D:10)
  A shadow imp (Gauntlet)
  2 white imps (D:7 Gauntlet)
  An ufetubus (D:7)
  A dart slug (D:1)
  2 worms (D:2 D:3)
  10 orcs (D:3 D:6 D:7 D:10 Orc:1)
  4 ball pythons (D:1 D:3 D:4)
  3 bats (D:1 D:2)
  10 endoplasms (D:1 D:2 D:3 D:4)
  2 giant cockroaches (D:3)
  7 goblins (D:2 D:3 D:4)
  9 hobgoblins (D:1 D:3 D:4)
  3 jackals (D:3)
  2 quokkas (D:2 D:5)
  A frilled lizard (D:2)
  6 kobolds (D:1 D:2 D:3 D:8)
  8 rats (D:1 D:3)
868 creatures vanquished.

Vanquished Creatures (collateral kills)
  Mara (Snake:2)
  2 juggernauts (Depths:2 Depths:3)
  2 tentacled monstrosities (Depths:2 Depths:3)
  A deep elf blademaster (Elf:3)
  A sphinx (Vaults:3)
  Gastronok (Lair:2)
  Agnes (D:14)
  Aizul (Snake:2)
  A thorn hunter (Swamp:3)
  A tengu reaver (Depths:1)
  7 nagarajas (Snake:2 Snake:3 Snake:4)
  4 frost giants (Depths:1 Depths:2 Depths:4)
  5 deep elf sorcerers (Elf:3 Vaults:1)
  An iron dragon (Depths:2)
  An orc warlord (Vaults:1)
  A balrug (D:15)
  7 very ugly things (Vaults:3 D:15 Depths:1)
  5 ironbound preservers (D:13 Vaults:1 Vaults:2 Vaults:3 Vaults:4)
  4 stone giants (Depths:1)
  The ghost of Bekuax the Gelid, a journeyman MfIE of Gozag (Lair:4)
  A vampire knight (D:15)
  2 ironbound thunderhulks (Vaults:4)
  A deep elf annihilator (Elf:3)
  An eleionoma (Swamp:1)
  A bunyip (Swamp:3)
  Snorg (Lair:3)
  A deep elf high priest (Elf:3)
  3 ettins (D:13 Depths:2)
  A yaktaur captain (D:13)
  2 great orbs of eyes (Vaults:2 Vaults:4)
  2 shambling mangroves (Swamp:3)
  2 salamander tyrants (Snake:2 Snake:4)
  10 hydras (Lair:3 Lair:4 Lair:5 Swamp:3 Swamp:4)
  The ghost of tizzy the Cleaver, a journeyman DsMo of Makhleb (D:10)
  An ice dragon (Depths:4)
  4 rakshasas (D:15 Depths:1)
  6 vault guards (D:13 Vaults:2 Vaults:3)
  An ogre mage (Orc:2)
  5 anacondas (Lair:3 Snake:2 Snake:3 Snake:4)
  4 alligators (Swamp:1 Swamp:2 Swamp:3)
  An ironbound frostheart (Vaults:4)
  3 dancing weapons (Orc:2 Elf:1)
  5 centaur warriors (D:13)
  A deep troll shaman (D:15)
  5 tengu warriors (D:14 D:15 Depths:1)
  10 naga warriors (Snake:1 Snake:2 Snake:3 Snake:4)
  13 two-headed ogres (D:9 D:11 Orc:2)
  8 death yaks (Lair:3 Lair:4)
  A shock serpent (shapeshifter) (Depths:2)
  8 naga sharpshooters (Snake:2 Snake:3 Snake:4)
  3 deep troll earth magi (Vaults:1)
  An orc high priest (Orc:1)
  2 shock serpents (Lair:3 Snake:1)
  Sonja (Lair:5)
  3 soul eaters (D:15)
  A deep elf knight (Elf:1)
  A fire crab (shapeshifter) (Depths:1)
  6 salamander mystics (Snake:2 Snake:3 Snake:4 D:15)
  5 skeletal warriors (D:13)
  2 goliath frogs (Swamp:1 Swamp:2)
  3 swamp dragons (Swamp:3)
  A golden dragon zombie (Depths:2)
  11 deep trolls (Orc:2 Vaults:3 Vaults:4 D:15 Depths:1)
  A spriggan druid (Swamp:3)
  2 glowing orange brains (D:14 D:10)
  6 naga ritualists (Snake:1 Snake:3 Snake:4)
  A lindwurm (D:13)
  3 wizards (D:13 Vaults:1 Depths:1)
  5 orc knights (Orc:1 Vaults:1)
  2 necromancers (D:13 Depths:2)
  6 ironbound convokers (Vaults:1 Vaults:2 Vaults:4)
  2 bog bodies (Swamp:2 Swamp:3)
  A harpy (Lair:5)
  5 deep elf zephyrmancers (D:13 Orc:2)
  3 mana vipers (Snake:1 Snake:2 Snake:4)
  6 deep elf pyromancers (D:13 Orc:2 Elf:3)
  33 ugly things (D:12 D:13 D:14 D:15 Vaults:1)
  The ghost of Splishie the Insei, a novice GnSh (D:5)
  2 orc sorcerers (Orc:1 Orc:2)
  A manticore (D:13)
  10 salamanders (Snake:2 Snake:3 Snake:4 D:15)
  3 guardian serpents (Snake:1 Snake:2 Snake:3)
  7 elephants (Lair:5)
  6 cyclopes (D:11 Orc:2 D:13 D:14 D:15)
  17 black mambas (Lair:1 Lair:2 Lair:3 Snake:1 Snake:2)
  7 naga magi (Snake:2 Snake:3 Snake:4)
  9 vault sentinels (D:13 Vaults:1 Vaults:2 Vaults:3 Vaults:4)
  7 cane toads (Lair:2 Lair:3 Lair:5)
  A black mamba (shapeshifter) (Elf:3)
  3 smoke demons (D:15 Depths:2)
  2 gargoyles (D:8 D:12)
  A rust devil (Depths:1)
  A kobold demonologist (D:11)
  An unseen horror (D:12)
  7 yaktaurs (D:13 WizLab Vaults:2 Vaults:4)
  4 rime drakes (D:9 Lair:2 Swamp:3)
  An ice devil (Depths:1)
  10 komodo dragons (D:12 Lair:1 Lair:2 Lair:3 Lair:4)
  3 tengu conjurers (D:14 Depths:1)
  A yaktaur (shapeshifter) (D:14)
  13 trolls (D:9 D:11 Orc:2)
  2 hydra zombies (Swamp:3)
  A wind drake (Lair:4)
  6 tyrant leeches (Lair:2 Swamp:1 Swamp:2 Swamp:3)
  A guardian mummy (D:15)
  6 hornets (Swamp:1 Swamp:3)
  A tengu simulacrum (Depths:2)
  2 polar bears (Lair:2 Lair:4)
  8 blink frogs (Lair:1 Lair:3 Lair:4)
  2 snapping turtles (Lair:4 Lair:5)
  24 dream sheep (Lair:5)
  A slime creature (shapeshifter) (Depths:3)
  A shapeshifter (Orc:2)
  18 slime creatures (D:11 D:13 D:12 D:14 D:15)
  2 vampires (D:10 Depths:1)
  A flying skull (Vaults:3)
  6 wyverns (D:8 Lair:1 Lair:2 Lair:4 Lair:5)
  29 yaks (Lair:1 Lair:2 Lair:3 Lair:4)
  6 spriggans (Swamp:1 Swamp:3 Depths:4)
  6 wraiths (D:9 Lair:5 D:13)
  3 basilisks (Lair:1 Lair:5 D:13)
  3 water elementals (Depths:2)
  A fire elemental (Elf:1)
  4 fire bats (D:15)
  3 steam dragons (D:8 Lair:4 Lair:5)
  19 vampire mosquitoes (D:10 D:11 D:12 Swamp:2 Swamp:3)
  Edmund (D:5)
  A warg (Snake:2)
  7 swamp worms (Swamp:1 Swamp:2 Swamp:3 Swamp:4)
  24 nagas (Lair:3 Snake:1 Snake:2 Snake:3 Snake:4)
  3 water moccasins (Lair:1 Lair:2 Lair:3)
  An acid dragon (D:11)
  3 ice beasts (D:9)
  4 orc warriors (Orc:1 Orc:2)
  4 swamp drakes (Swamp:1 Swamp:3)
  19 ogres (D:5 Orc:1 Orc:2)
  9 wolves (D:9 Lair:1)
  11 centaurs (D:11 D:13)
  A phantom (D:6)
  8 bullfrogs (D:6 D:8 D:9 Lair:1 Lair:2)
  A gnoll sergeant (D:10)
  3 wights (D:9)
  4 howler monkeys (D:5 D:9)
  Crazy Yiuf (D:6)
  5 orc priests (D:7 D:8 D:9 Orc:2)
  A hound (D:5)
  2 jellies (D:10)
  5 orc wizards (D:5 D:7 D:9 Orc:1)
  3 hell rats (Lair:4)
  A mummy (D:15)
  3 gnolls (D:9 D:10)
  13 orcs (D:5 D:7 D:8 D:9 D:10)
  An endoplasm (D:5)
  A giant cockroach (D:4)
  2 hobgoblins (D:4)
  A ball python (D:4)
  A kobold (D:8)
687 creatures vanquished.

Vanquished Creatures (others)
  A rakshasa (Depths:3)
  2 orc sorcerers (D:15)
  4 orc knights (Lair:1 Snake:4 WizLab)
  2 orc high priests (Lair:5 Depths:1)
  A deep elf knight (Elf:2)
  14 orc warriors (D:8 D:9 Orc:1 Orc:2 Swamp:1)
  A wizard (Vaults:2)
  A deep elf pyromancer (Elf:1)
  A yaktaur (Vaults:2)
  A troll (Orc:2)
  2 bloated husks (Swamp:1 Swamp:2)
  10 orc wizards (D:5 Lair:4 Orc:1 Elf:2 Elf:3)
  A lava snake (Lair:3)
  4 orc priests (Orc:1 Elf:2 WizLab Vaults:1)
  An adder (D:2)
  32 orcs (D:2 D:6 D:7 D:8 D:9)
  A hobgoblin (D:2)
  A kobold (D:2)
  A butterfly (D:5)
81 creatures vanquished.

Grand Total: 1636 creatures vanquished

Table legend: (Time is in decaauts)
 A = Elapsed time spent in this place.
 B = Non-inter-level travel time spent in this place.
 C = Inter-level travel time spent in this place.
 D = Time resting spent in this place.
 E = Time spent auto-exploring this place.
 F = Levels seen in this place.
 G = Mean time per level.
                   A        B        C        D        E       F      G
               +--------+--------+--------+--------+--------+-----+--------+
         Total |  78677 |  68024 |  10653 |  18681 |  19405 |  44 | 1788.1 |
       Dungeon |  21619 |  16955 |   4664 |   3645 |   6960 |  15 | 1441.3 |
          Lair |  10912 |   8951 |   1961 |   3110 |   2839 |   5 | 2182.4 |
         Swamp |   8725 |   8095 |    630 |   3002 |    562 |   4 | 2181.2 |
     Snake Pit |   8319 |   7351 |    968 |   1853 |   1272 |   4 | 2079.8 |
  Orcish Mines |   3568 |   2632 |    936 |    492 |    952 |   2 | 1784.0 |
   Elven Halls |   7194 |   6712 |    482 |   2095 |   1978 |   3 | 2398.0 |
        Vaults |   7592 |   7084 |    508 |   1531 |   2624 |   4 | 1898.0 |
        Depths |   8675 |   8173 |    502 |   2554 |   1564 |   4 | 2168.8 |
       Volcano |    252 |    252 |      0 |      0 |     34 |   1 |  252.0 |
        Wizlab |   1063 |   1063 |      0 |    291 |    269 |   1 | 1063.0 |
      Gauntlet |    754 |    754 |      0 |    106 |    350 |   1 |  754.0 |
               +--------+--------+--------+--------+--------+-----+--------+

Top non-repeatable levels by time:
   Elf:1: 3513 daAuts
Depths:2: 3340 daAuts
    D:13: 3011 daAuts
 Swamp:3: 2968 daAuts
Depths:1: 2762 daAuts
 Snake:4: 2732 daAuts
  Lair:4: 2667 daAuts
   Elf:3: 2658 daAuts
  Lair:2: 2579 daAuts
 Swamp:2: 2365 daAuts
    D:15: 2360 daAuts
 Swamp:1: 2344 daAuts
  Lair:3: 2282 daAuts
    D:11: 2265 daAuts
Vaults:3: 2209 daAuts

Table legend:
 A = Non-vault XP
 B = Vault XP
 C = Vault XP percentage of total XP
 D = Non-vault monster count
 E = Vault monster count
 F = Vault count percentage of total count
                 A         B        C        D         E       F
            +---------+---------+-------+---------+---------+-------
      Total |  375338 |  277713 |  42.5 |    1071 |     489 |  31.3
            +---------+---------+-------+---------+---------+-------
        D:1 |      25 |       0 |   0.0 |      16 |       0 |   0.0
        D:2 |      43 |       0 |   0.0 |      10 |       0 |   0.0
        D:3 |      61 |      22 |  26.5 |      24 |       6 |  20.0
        D:4 |     500 |       0 |   0.0 |      19 |       0 |   0.0
        D:5 |     721 |    1414 |  66.2 |      15 |       6 |  28.6
        D:6 |     792 |     307 |  27.9 |      12 |       2 |  14.3
        D:7 |     733 |     482 |  39.7 |      23 |       3 |  11.5
        D:8 |    1071 |    1838 |  63.2 |      12 |       3 |  20.0
        D:9 |    2656 |     932 |  26.0 |      21 |       9 |  30.0
       D:10 |    1750 |    1285 |  42.3 |      16 |       4 |  20.0
       D:11 |    5386 |       0 |   0.0 |      25 |       0 |   0.0
       D:12 |    2889 |       0 |   0.0 |      14 |       0 |   0.0
       D:13 |   17059 |    8539 |  33.4 |      57 |      18 |  24.0
       D:14 |    6196 |    4529 |  42.2 |      15 |       9 |  37.5
       D:15 |   20125 |   13238 |  39.7 |      47 |      25 |  34.7
     Lair:1 |    6435 |       0 |   0.0 |      43 |       0 |   0.0
     Lair:2 |    6533 |    2466 |  27.4 |      33 |       3 |   8.3
     Lair:3 |    9010 |    1614 |  15.2 |      32 |       7 |  17.9
     Lair:4 |    8597 |    3541 |  29.2 |      39 |      10 |  20.4
     Lair:5 |    7538 |    5441 |  41.9 |      36 |      18 |  33.3
    Swamp:1 |   13280 |    4610 |  25.8 |      31 |       8 |  20.5
    Swamp:2 |    9316 |    1804 |  16.2 |      22 |       1 |   4.3
    Swamp:3 |   13237 |   11989 |  47.5 |      40 |      25 |  38.5
    Swamp:4 |     637 |    1833 |  74.2 |       4 |       6 |  60.0
    Snake:1 |    6782 |       0 |   0.0 |      20 |       0 |   0.0
    Snake:2 |   12807 |    3170 |  19.8 |      41 |       4 |   8.9
    Snake:3 |   11420 |    7517 |  39.7 |      34 |      16 |  32.0
    Snake:4 |   10641 |   13328 |  55.6 |      26 |      22 |  45.8
      Orc:1 |    1757 |    4768 |  73.1 |      15 |       8 |  34.8
      Orc:2 |    2232 |   15267 |  87.2 |      15 |      52 |  77.6
      Elf:1 |   14055 |    4113 |  22.6 |      24 |       6 |  20.0
      Elf:2 |   14710 |    1662 |  10.2 |      27 |       2 |   6.9
      Elf:3 |    9619 |   36567 |  79.2 |      19 |      31 |  62.0
   Vaults:1 |   14312 |    8293 |  36.7 |      30 |      16 |  34.8
   Vaults:2 |   15824 |   21054 |  57.1 |      25 |      32 |  56.1
   Vaults:3 |   14428 |   24634 |  63.1 |      24 |      37 |  60.7
   Vaults:4 |   31777 |    3613 |  10.2 |      46 |       6 |  11.5
   Depths:1 |   19280 |    6899 |  26.4 |      32 |      13 |  28.9
   Depths:2 |   16272 |    8971 |  35.5 |      26 |      11 |  29.7
   Depths:3 |   23657 |   15464 |  39.5 |      26 |      14 |  35.0
   Depths:4 |   18702 |     782 |   4.0 |      26 |       1 |   3.7
    Volcano |       0 |    2336 | 100.0 |       0 |       7 | 100.0
     WizLab |    2473 |   28471 |  92.0 |       9 |      36 |  80.0
   Gauntlet |       0 |    4920 | 100.0 |       0 |      12 | 100.0
            +---------+---------+-------+---------+---------+-------
